Workbook

Sheet BTL
A1: PRESUPUESTO SUPUESTO | C1: 3654000000
A2: INTERMEDIACIÓN | G2: VALOR TOTAL DE LOS ÍTEMS
A3: No | B3: EMPRESA | C3: INTERMEDIACIÓN | D3: VALOR INTERMEDIACIÓN | E3: TIPO | G3: No | H3: EMPRESA | I3: VALOR | J3: TIPO
A4: 1 | B4: VALOR HISTORICO - OP. PÚBLICO | C4: 0.04 | D4: =$C$1*C4 -> 146160000 | E4: Pública | G4: 1 | H4: VALOR HISTORICO - PÚBLICA | I4: =+Cotización!F196 -> 236886279
A5: 2 | B5: CANAL CAPITAL | C5: 0.08 | D5: =$C$1*C5 -> 292320000 | E5: Pública | G5: 2 | H5: CANAL CAPITAL | I5: =+Cotización!I196 -> 190796508
A6: 3 | B6: DU BRANS SAS | C6: 0.143 | D6: =$C$1*C6 -> 5.22522e+08 | E6: Privada | G6: 3 | H6: DU BRANS SAS | I6: =+Cotización!L196 -> 280247381
A7: 4 | B7: ERCA | C7: 0.08 | D7: =$C$1*C7 -> 292320000 | E7: Privada | G7: 4 | H7: ERCA | I7: =+Cotización!O196 -> 2.5931873e+08
A8: 5 | B8: INNOVATECHVR | C8: 0.1 | D8: =$C$1*C8 -> 365400000 | E8: Privada | G8: 5 | H8: INNOVATECHVR | I8: =+Cotización!R196 -> 239988490
A9: 6 | B9: LOGÍSTICA 911 | C9: 0.19 | D9: =$C$1*C9 -> 694260000 | E9: Privada | G9: 6 | H9: LOGÍSTICA 911 | I9: =+Cotización!U196 -> 2.4104396e+08
A10: 7 | B10: MERCADEO ESTRATÉGICO | C10: 0.23 | D10: =$C$1*C10 -> 840420000 | E10: Privada | G10: 7 | H10: MERCADEO ESTRATÉGICO | I10: =+Cotización!X196 -> 473304650
A11: 8 | B11: Miacom S.A.S. | C11: 0.08 | D11: =$C$1*C11 -> 292320000 | E11: Privada | G11: 8 | H11: Miacom S.A.S. | I11: =+Cotización!AA196 -> 2.7854931e+08
A12: 9 | B12: PUBBLICA | C12: 0.08 | D12: =$C$1*C12 -> 292320000 | E12: Privada | G12: 9 | H12: PUBBLICA | I12: =+Cotización!AD196 -> 2.7115215e+08
A13: 10 | B13: SINTONIZAR MEDIOS | C13: 0.07 | D13: =$C$1*C13 -> 2.5578e+08 | E13: Privada | G13: 10 | H13: SINTONIZAR MEDIOS | I13: =+Cotización!AG196 -> 2.7502795e+08
A14: 11 | B14: TAKTIKOS | C14: 0.14 | D14: =$C$1*C14 -> 5.1156e+08 | E14: Privada | G14: 11 | H14: TAKTIKOS | I14: =+Cotización!AJ196 -> 2.698586e+08
A15: 12 | B15: ACOMEDIOS | C15: 0.03 | D15: =$C$1*C15 -> 109620000 | E15: Privada | G15: 12 | H15: ACOMEDIOS | I15: =+Cotización!AM196 -> 3.5474238e+08
A16: 13 | B16: PIRME PRODUCCIONES | C16: 0.14 | D16: =$C$1*C16 -> 5.1156e+08 | E16: Privada | G16: 13 | H16: PIRME PRODUCCIONES | I16: =+Cotización!AP196 -> 244574216
A17: PROMEDIO | C17: =AVERAGE(C4:C16) -> 0.10792308
A19: MEDIANA | B19: =MEDIAN(C4:C16) -> 0.08
A20: MEDIAN ARMO. | B20: =HARMEAN(C4:C16) -> 0.079506447
A21: DEVESTA | B21: =STDEVA(C4:C16) -> 0.057902881
A22: VALOR TECHO | B22: =C17-B21 -> 0.050020196 | C22: (promedio - devesta)
A23: VALOR PISO | B23: =B20-B21 -> 0.021603566 | C23: (media armo - devesta)

Sheet Cotización
A1: TRANSMILENIO S.A. Subgerencia de Atención al Usuario y Comunicaciones Formato cotización COMPONENTE DE OPERACIÓN LOGÍSTICA
A2: LEER ATENTAMENTE ANTES DE DILIGENCIAR LA COTIZACIÓN (1) Se deben tener en cuenta todos los aspectos relacionados en el proyecto anexo tecnico (2) Diligenciar las celdas resaltadas en color amarillo | D2: HISTORICO PÚBLICA | G2: CANAL CAPITAL | J2: DU BRANS SAS | M2: ERCA | P2: INNOVATECHVR | S2: LOGÍSTICA 911 | V2: MERCADEO ESTRATÉGICO | Y2: Miacom S.A.S. | AB2: PUBBLICA | AE2: SINTONIZAR MEDIOS | AH2: TAKTIKOS | AK2: ACOMEDIOS | AN2: PIRME PRODUCCIONES | AQ2: PROMEDIO ÍTEMS FÓRMULA MEDIANA VALOR TECHO
A3: DESCRIPCIÓN | B3: ÍTEM | C3: DESCRIPCIÓN | D3: CANTIDAD | E3: VALOR ANTES DE IVA | F3: VALOR IVA INCLUIDO | G3: CANTIDAD | H3: VALOR ANTES DE IVA | I3: VALOR IVA INCLUIDO | J3: CANTIDAD | K3: VALOR ANTES DE IVA | L3: VALOR IVA INCLUIDO | M3: CANTIDAD | N3: VALOR ANTES DE IVA | O3: VALOR IVA INCLUIDO | P3: CANTIDAD | Q3: VALOR ANTES DE IVA | R3: VALOR IVA INCLUIDO | S3: CANTIDAD | T3: VALOR ANTES DE IVA | U3: VALOR IVA INCLUIDO | V3: CANTIDAD | W3: VALOR ANTES DE IVA | X3: VALOR IVA INCLUIDO | Y3: CANTIDAD | Z3: VALOR ANTES DE IVA | AA3: VALOR IVA INCLUIDO | AB3: CANTIDAD | AC3: VALOR ANTES DE IVA | AD3: VALOR IVA INCLUIDO | AE3: CANTIDAD | AF3: VALOR ANTES DE IVA | AG3: VALOR IVA INCLUIDO | AH3: CANTIDAD | AI3: VALOR ANTES DE IVA | AJ3: VALOR IVA INCLUIDO | AK3: CANTIDAD | AL3: VALOR ANTES DE IVA | AM3: VALOR IVA INCLUIDO | AN3: CANTIDAD | AO3: VALOR ANTES DE IVA | AP3: VALOR IVA INCLUIDO | AQ3: CANTIDAD | AR3: VALOR ANTES DE IVA | AS3: VALOR IVA INCLUIDO
A5: AUDITORIOS Y SALAS ALTERNAS | B5: Auditorio para 50 personas | C5: (Incluye: tarima, computador, video beam, pantalla de proyección, sistema de amplificación de sonido, mesas, sillas y manteles. Lo anterior, debe ser proporcional al área del lugar, al aforo y al tipo de montaje seleccionado), técnico de montaje y técnico de sonido. | D5: 1 día | E5: 3784200 | F5: 4503198 | G5: 1 día | H5: 4458000 | I5: =(H5*19%)+H5 -> 5305020 | J5: 1 día | K5: 5000000 | L5: 5950000 | M5: 1 día | N5: 6950000 | O5: =N5+(N5*19%) -> 8270500 | P5: 1 día | Q5: 8000000 | R5: =Q5*19%+Q5 -> 9520000 | S5: 1 día | T5: 4792700 | U5: =T5*1.19 -> 5703313 | V5: 1 día | W5: 10000000 | X5: =W5*1.19 -> 11900000 | Y5: 1 día | Z5: 4360840 | AA5: =Z5+(Z5*19%) -> 5189399.6 | AB5: 1 día | AC5: 4650000 | AD5: =AC5*19%+AC5 -> 5533500 | AE5: 1 día | AF5: 4351830 | AG5: =+AF5*1.19 -> 5178677.7 | AH5: 1 día | AI5: 6855000 | AJ5: =+AI5*19%+AI5 -> 8157450 | AK5: 1 día | AL5: 17000000 | AM5: =AL5+(AL5*19%) -> 20230000 | AN5: 1 día | AO5: 4561865 | AP5: 5428619 | AQ5: 1 día | AR5: =MEDIAN(E5,H5,K5,N5,Q5,T5,W5,Z5,AC5,AF5,AI5,AL5,AO5) -> 4792700 | AS5: =MEDIAN(F5,I5,L5,O5,R5,U5,X5,AA5,AD5,AG5,AJ5,AM5,AP5) -> 5703313
D6: 1 día adicional | E6: 3459800 | F6: 4117162 | G6: 1 día adicional | H6: 3566000 | I6: =(H6*19%)+H6 -> 4243540 | J6: 1 día adicional | K6: 4200000 | L6: 4998000 | M6: 1 día adicional | N6: 6950000 | O6: =N6+(N6*19%) -> 8270500 | P6: 1 día adicional | Q6: 6000000 | R6: =Q6*19%+Q6 -> 7140000 | S6: 1 día adicional | T6: 4156900 | U6: =T6*1.19 -> 4946711 | V6: 1 día adicional | W6: 10000000 | X6: =W6*1.19 -> 11900000 | Y6: 1 día adicional | Z6: 3986950 | AA6: =Z6+(Z6*19%) -> 4744470.5 | AB6: 1 día adicional | AC6: 3875000 | AD6: =AC6*19%+AC6 -> 4611250 | AE6: 1 día adicional | AF6: 3978770 | AG6: =+AF6*1.19 -> 4734736.3 | AH6: 1 día adicional | AI6: 5205000 | AJ6: =+AI6*19%+AI6 -> 6193950 | AK6: 1 día adicional | AL6: 17000000 | AM6: =AL6+(AL6*19%) -> 20230000 | AN6: 1 día adicional | AO6: 3526184 | AP6: 4196159 | AQ6: 1 día adicional | AR6: =MEDIAN(E6,H6,K6,N6,Q6,T6,W6,Z6,AC6,AF6,AI6,AL6,AO6) -> 4156900 | AS6: =MEDIAN(F6,I6,L6,O6,R6,U6,X6,AA6,AD6,AG6,AJ6,AM6,AP6) -> 4946711
B7: Sala alterna para 5 personas | D7: 1 día | E7: 1296800 | F7: 1543192 | G7: 1 día | H7: 1100000 | I7: =(H7*19%)+H7 -> 1309000 | J7: 1 día | K7: 2800000 | L7: 3332000 | M7: 1 día | N7: 1500000 | O7: =N7+(N7*19%) -> 1785000 | P7: 1 día | Q7: 1000000 | R7: =Q7*19%+Q7 -> 1190000 | S7: 1 día | T7: 922570 | U7: =T7*1.19 -> 1097858.3 | V7: 1 día | W7: 1667000 | X7: =W7*1.19 -> 1983730 | Y7: 1 día | Z7: 1494350 | AA7: =Z7+(Z7*19%) -> 1778276.5 | AB7: 1 día | AC7: 1350000 | AD7: =AC7*19%+AC7 -> 1606500 | AE7: 1 día | AF7: 1556160 | AG7: =+AF7*1.19 -> 1851830.4 | AH7: 1 día | AI7: 1470000 | AJ7: =+AI7*19%+AI7 -> 1749300 | AK7: 1 día | AL7: 4000000 | AM7: =AL7+(AL7*19%) -> 4760000 | AN7: 1 día | AO7: 1009157 | AP7: 1200897 | AQ7: 1 día | AR7: =MEDIAN(E7,H7,K7,N7,Q7,T7,W7,Z7,AC7,AF7,AI7,AL7,AO7) -> 1470000 | AS7: =MEDIAN(F7,I7,L7,O7,R7,U7,X7,AA7,AD7,AG7,AJ7,AM7,AP7) -> 1749300
D8: 1 día adicional | E8: 1080500 | F8: 1285795 | G8: 1 día adicional | H8: 770000 | I8: =(H8*19%)+H8 -> 916300 | J8: 1 día adicional | K8: 2000000 | L8: 2380000 | M8: 1 día adicional | N8: 1350000 | O8: =N8+(N8*19%) -> 1606500 | P8: 1 día adicional | Q8: 800000 | R8: =Q8*19%+Q8 -> 952000 | S8: 1 día adicional | T8: 673200 | U8: =T8*1.19 -> 801108 | V8: 1 día adicional | W8: 1667000 | X8: =W8*1.19 -> 1983730 | Y8: 1 día adicional | Z8: 1245090 | AA8: =Z8+(Z8*19%) -> 1481657.1 | AB8: 1 día adicional | AC8: 1125000 | AD8: =AC8*19%+AC8 -> 1338750 | AE8: 1 día adicional | AF8: 1296600 | AG8: =+AF8*1.19 -> 1542954 | AH8: 1 día adicional | AI8: 1470000 | AJ8: =+AI8*19%+AI8 -> 1749300 | AK8: 1 día adicional | AL8: 4000000 | AM8: =AL8+(AL8*19%) -> 4760000 | AN8: 1 día adicional | AO8: 832039 | AP8: 990127 | AQ8: 1 día adicional | AR8: =MEDIAN(E8,H8,K8,N8,Q8,T8,W8,Z8,AC8,AF8,AI8,AL8,AO8) -> 1245090 | AS8: =MEDIAN(F8,I8,L8,O8,R8,U8,X8,AA8,AD8,AG8,AJ8,AM8,AP8) -> 1481657.1
B9: Sala alterna para 20 personas | D9: 1 día | E9: 1729400 | F9: 2057986 | G9: 1 día | H9: 1400000 | I9: =(H9*19%)+H9 -> 1666000 | J9: 1 día | K9: 3200000 | L9: 3808000 | M9: 1 día | N9: 3500000 | O9: =N9+(N9*19%) -> 4165000 | P9: 1 día | Q9: 2000000 | R9: =Q9*19%+Q9 -> 2380000 | S9: 1 día | T9: 2287120 | U9: =T9*1.19 -> 2721672.8 | V9: 1 día | W9: 2500000 | X9: =W9*1.19 -> 2975000 | Y9: 1 día | Z9: 1992870 | AA9: =Z9+(Z9*19%) -> 2371515.3 | AB9: 1 día | AC9: 2400000 | AD9: =AC9*19%+AC9 -> 2856000 | AE9: 1 día | AF9: 2075280 | AG9: =+AF9*1.19 -> 2469583.2 | AH9: 1 día | AI9: 1860000 | AJ9: =+AI9*19%+AI9 -> 2213400 | AK9: 1 día | AL9: 4000000 | AM9: =AL9+(AL9*19%) -> 4760000 | AN9: 1 día | AO9: 1692018 | AP9: 2013501 | AQ9: 1 día | AR9: =MEDIAN(E9,H9,K9,N9,Q9,T9,W9,Z9,AC9,AF9,AI9,AL9,AO9) -> 2075280 | AS9: =MEDIAN(F9,I9,L9,O9,R9,U9,X9,AA9,AD9,AG9,AJ9,AM9,AP9) -> 2469583.2
D10: 1 día adicional | E10: 1296800 | F10: 1543192 | G10: 1 día adicional | H10: 1400000 | I10: =(H10*19%)+H10 -> 1666000 | J10: 1 día adicional | K10: 2200000 | L10: 2618000 | M10: 1 día adicional | N10: 3500000 | O10: =N10+(N10*19%) -> 4165000 | P10: 1 día adicional | Q10: 1800000 | R10: =Q10*19%+Q10 -> 2142000 | S10: 1 día adicional | T10: 1887600 | U10: =T10*1.19 -> 2246244 | V10: 1 día adicional | W10: 2500000 | X10: =W10*1.19 -> 2975000 | Y10: 1 día adicional | Z10: 1494350 | AA10: =Z10+(Z10*19%) -> 1778276.5 | AB10: 1 día adicional | AC10: 2000000 | AD10: =AC10*19%+AC10 -> 2380000 | AE10: 1 día adicional | AF10: 1556160 | AG10: =+AF10*1.19 -> 1851830.4 | AH10: 1 día adicional | AI10: 1860000 | AJ10: =+AI10*19%+AI10 -> 2213400 | AK10: 1 día adicional | AL10: 4000000 | AM10: =AL10+(AL10*19%) -> 4760000 | AN10: 1 día adicional | AO10: 1419048 | AP10: 1688667 | AQ10: 1 día adicional | AR10: =MEDIAN(E10,H10,K10,N10,Q10,T10,W10,Z10,AC10,AF10,AI10,AL10,AO10) -> 1860000 | AS10: =MEDIAN(F10,I10,L10,O10,R10,U10,X10,AA10,AD10,AG10,AJ10,AM10,AP10) -> 2213400
B11: Sala alterna para 50 personas | D11: 1 día | E11: 2162000 | F11: 2572780 | G11: 1 día | H11: 2690000 | I11: =(H11*19%)+H11 -> 3201100 | J11: 1 día | K11: 4200000 | L11: 4998000 | M11: 1 día | N11: 6950000 | O11: =N11+(N11*19%) -> 8270500 | P11: 1 día | Q11: 6000000 | R11: =Q11*19%+Q11 -> 7140000 | S11: 1 día | T11: 4000700 | U11: =T11*1.19 -> 4760833 | V11: 1 día | W11: 3333000 | X11: =W11*1.19 -> 3966270 | Y11: 1 día | Z11: 2491390 | AA11: =Z11+(Z11*19%) -> 2964754.1 | AB11: 1 día | AC11: 3500000 | AD11: =AC11*19%+AC11 -> 4165000 | AE11: 1 día | AF11: 2594400 | AG11: =+AF11*1.19 -> 3087336 | AH11: 1 día | AI11: 3600000 | AJ11: =+AI11*19%+AI11 -> 4284000 | AK11: 1 día | AL11: 5200000 | AM11: =AL11+(AL11*19%) -> 6188000 | AN11: 1 día | AO11: 2811330 | AP11: 3345483 | AQ11: 1 día | AR11: =MEDIAN(E11,H11,K11,N11,Q11,T11,W11,Z11,AC11,AF11,AI11,AL11,AO11) -> 3500000 | AS11: =MEDIAN(F11,I11,L11,O11,R11,U11,X11,AA11,AD11,AG11,AJ11,AM11,AP11) -> 4165000
D12: 1 día adicional | E12: 1729400 | F12: 2057986 | G12: 1 día adicional | H12: 2690000 | I12: =(H12*19%)+H12 -> 3201100 | J12: 1 día adicional | K12: 3100000 | L12: 3689000 | M12: 1 día adicional | N12: 6950000 | O12: =N12+(N12*19%) -> 8270500 | P12: 1 día adicional | Q12: 5000000 | R12: =Q12*19%+Q12 -> 5950000 | S12: 1 día adicional | T12: 3399000 | U12: =T12*1.19 -> 4044810 | V12: 1 día adicional | W12: 3333000 | X12: =W12*1.19 -> 3966270 | Y12: 1 día adicional | Z12: 1992870 | AA12: =Z12+(Z12*19%) -> 2371515.3 | AB12: 1 día adicional | AC12: 2916666 | AD12: =AC12*19%+AC12 -> 3470832.5 | AE12: 1 día adicional | AF12: 2075280 | AG12: =+AF12*1.19 -> 2469583.2 | AH12: 1 día adicional | AI12: 3600000 | AJ12: =+AI12*19%+AI12 -> 4284000 | AK12: 1 día adicional | AL12: 5200000 | AM12: =AL12+(AL12*19%) -> 6188000 | AN12: 1 día adicional | AO12: 2373575 | AP12: 2824554 | AQ12: 1 día adicional | AR12: =MEDIAN(E12,H12,K12,N12,Q12,T12,W12,Z12,AC12,AF12,AI12,AL12,AO12) -> 3100000 | AS12: =MEDIAN(F12,I12,L12,O12,R12,U12,X12,AA12,AD12,AG12,AJ12,AM12,AP12) -> 3689000
B13: Carpa 2x2 m | C13: Carpa sin paredes laterales, con instalación y desinstalación | D13: 1 a 10 | E13: 431600 | F13: 513604 | G13: 1 a 10 | H13: 350000 | I13: =(H13*19%)+H13 -> 416500 | J13: 1 a 10 | K13: 240000 | L13: 285600 | M13: 1 a 10 | N13: 494000 | O13: =N13+(N13*19%) -> 587860 | P13: 1 a 10 | Q13: 350000 | R13: =Q13*19%+Q13 -> 416500 | S13: 1 a 10 | T13: 389620 | U13: =T13*1.19 -> 463647.8 | V13: 1 a 10 | W13: 667000 | X13: =W13*1.19 -> 793730 | Y13: 1 a 10 | Z13: 497310 | AA13: =Z13+(Z13*19%) -> 591798.9 | AB13: 1 a 10 | AC13: 390000 | AD13: =AC13*19%+AC13 -> 464100 | AE13: 1 a 10 | AF13: 448864 | AG13: =+AF13*1.19 -> 534148.16 | AH13: 1 a 10 | AI13: 510000 | AJ13: =+AI13*19%+AI13 -> 606900 | AK13: 1 a 10 | AL13: 337337 | AM13: =+AL13+(AL13*19%) -> 401431.03 | AN13: 1 a 10 | AO13: 292620 | AP13: 348218 | AQ13: 1 a 10 | AR13: =MEDIAN(E13,H13,K13,N13,Q13,T13,W13,Z13,AC13,AF13,AI13,AL13,AO13) -> 390000 | AS13: =MEDIAN(F13,I13,L13,O13,R13,U13,X13,AA13,AD13,AG13,AJ13,AM13,AP13) -> 464100
E14: 409500 | F14: 487305 | H14: 290000 | I14: =(H14*19%)+H14 -> 345100 | K14: 240000 | L14: 285600 | R14: =Q14*19%+Q14 -> 0 | T14: 389620 | U14: =T14*1.19 -> 463647.8 | W14: 667000 | X14: =W14*1.19 -> 793730 | Z14: 471900 | AA14: =Z14+(Z14*19%) -> 561561 | AC14: 325000 | AD14: =AC14*19%+AC14 -> 386750 | AF14: 425880 | AG14: =+AF14*1.19 -> 506797.2 | AI14: 384000 | AJ14: =+AI14*19%+AI14 -> 456960 | AL14: 303603 | AM14: =+AL14+(AL14*19%) -> 361287.57 | AO14: 262860 | AP14: 312803 | AR14: =MEDIAN(E14,H14,K14,N14,Q14,T14,W14,Z14,AC14,AF14,AI14,AL14,AO14) -> 384000 | AS14: =MEDIAN(F14,I14,L14,O14,R14,U14,X14,AA14,AD14,AG14,AJ14,AM14,AP14) -> 421855
B15: Carpa 3x3 m | C15: Carpa con paredes laterales, con instalación y desinstalación | D15: 1 a 10 | E15: 517700 | F15: 616063 | G15: 1 a 10 | H15: 425000 | I15: =(H15*19%)+H15 -> 505750 | J15: 1 a 10 | K15: 500000 | L15: 595000 | M15: 1 a 10 | N15: 546000 | O15: =N15+(N15*19%) -> 649740 | P15: 1 a 10 | Q15: 650000 | R15: =Q15*19%+Q15 -> 773500 | S15: 1 a 10 | T15: 473110 | U15: =T15*1.19 -> 563000.9 | V15: 1 a 10 | W15: 767000 | X15: =W15*1.19 -> 912730 | Y15: 1 a 10 | Z15: 596530 | AA15: =Z15+(Z15*19%) -> 709870.7 | AB15: 1 a 10 | AC15: 585000 | AD15: =AC15*19%+AC15 -> 696150 | AE15: 1 a 10 | AF15: 538408 | AG15: =+AF15*1.19 -> 640705.52 | AH15: 1 a 10 | AI15: 570000 | AJ15: =+AI15*19%+AI15 -> 678300 | AK15: 1 a 10 | AL15: 415100 | AM15: =+AL15+(AL15*19%) -> 493969 | AN15: 1 a 10 | AO15: 375974 | AP15: 447410 | AQ15: 1 a 10 | AR15: =MEDIAN(E15,H15,K15,N15,Q15,T15,W15,Z15,AC15,AF15,AI15,AL15,AO15) -> 538408 | AS15: =MEDIAN(F15,I15,L15,O15,R15,U15,X15,AA15,AD15,AG15,AJ15,AM15,AP15) -> 640705.52
D16: 10 en adelante | E16: 453600 | F16: 539784 | G16: 10 en adelante | H16: 320000 | I16: =(H16*19%)+H16 -> 380800 | J16: 10 en adelante | K16: 470000 | L16: 559300 | M16: 10 en adelante | N16: 507000 | O16: =N16+(N16*19%) -> 603330 | P16: 10 en adelante | Q16: 450000 | R16: =Q16*19%+Q16 -> 535500 | S16: 10 en adelante | T16: 236555 | U16: =T16*1.19 -> 281500.45 | V16: 10 en adelante | W16: 767000 | X16: =W16*1.19 -> 912730 | Y16: 10 en adelante | Z16: 522720 | AA16: =Z16+(Z16*19%) -> 622036.8 | AB16: 10 en adelante | AC16: 487500 | AD16: =AC16*19%+AC16 -> 580125 | AE16: 10 en adelante | AF16: 471744 | AG16: =+AF16*1.19 -> 561375.36 | AH16: 10 en adelante | AI16: 420000 | AJ16: =+AI16*19%+AI16 -> 499800 | AK16: 10 en adelante | AL16: 373590 | AM16: =+AL16+(AL16*19%) -> 444572.1 | AN16: 10 en adelante | AO16: 350028 | AP16: 416533 | AQ16: 10 en adelante | AR16: =MEDIAN(E16,H16,K16,N16,Q16,T16,W16,Z16,AC16,AF16,AI16,AL16,AO16) -> 453600 | AS16: =MEDIAN(F16,I16,L16,O16,R16,U16,X16,AA16,AD16,AG16,AJ16,AM16,AP16) -> 539784
B17: Carpa 4x4 m | C17: Carpa con paredes laterales, con instalación y desinstalación | D17: 1 a 10 | E17: 637400 | F17: 758506 | G17: 1 a 10 | H17: 470000 | I17: =(H17*19%)+H17 -> 559300 | J17: 1 a 10 | K17: 560000 | L17: 666400 | M17: 1 a 10 | N17: 624000 | O17: =N17+(N17*19%) -> 742560 | P17: 1 a 10 | Q17: 950000 | R17: =Q17*19%+Q17 -> 1130500 | S17: 1 a 10 | T17: 473110 | U17: =T17*1.19 -> 563000.9 | V17: 1 a 10 | W17: 917000 | X17: =W17*1.19 -> 1091230 | Y17: 1 a 10 | Z17: 734470 | AA17: =Z17+(Z17*19%) -> 874019.3 | AB17: 1 a 10 | AC17: 605000 | AD17: =AC17*19%+AC17 -> 719950 | AE17: 1 a 10 | AF17: 662896 | AG17: =+AF17*1.19 -> 788846.24 | AH17: 1 a 10 | AI17: 630000 | AJ17: =+AI17*19%+AI17 -> 749700 | AK17: 1 a 10 | AL17: 441133 | AM17: =+AL17+(AL17*19%) -> 524948.27 | AN17: 1 a 10 | AO17: 558978 | AP17: 665184 | AQ17: 1 a 10 | AR17: =MEDIAN(E17,H17,K17,N17,Q17,T17,W17,Z17,AC17,AF17,AI17,AL17,AO17) -> 624000 | AS17: =MEDIAN(F17,I17,L17,O17,R17,U17,X17,AA17,AD17,AG17,AJ17,AM17,AP17) -> 742560
D18: 10 en adelante | E18: 550200 | F18: 654738 | G18: 10 en adelante | H18: 360000 | I18: =(H18*19%)+H18 -> 428400 | J18: 10 en adelante | K18: 530000 | L18: 630700 | M18: 10 en adelante | N18: 559000 | O18: =N18+(N18*19%) -> 665210 | P18: 10 en adelante | Q18: 850000 | R18: =Q18*19%+Q18 -> 1011500 | S18: 10 en adelante | T18: 236555 | U18: =T18*1.19 -> 281500.45 | V18: 10 en adelante | W18: 917000 | X18: =W18*1.19 -> 1091230 | Y18: 10 en adelante | Z18: 634040 | AA18: =Z18+(Z18*19%) -> 754507.6 | AB18: 10 en adelante | AC18: 504200 | AD18: =AC18*19%+AC18 -> 599998 | AE18: 10 en adelante | AF18: 572208 | AG18: =+AF18*1.19 -> 680927.52 | AH18: 10 en adelante | AI18: 480000 | AJ18: =+AI18*19%+AI18 -> 571200 | AK18: 10 en adelante | AL18: 397019.7 | AM18: =+AL18+(AL18*19%) -> 472453.44 | AN18: 10 en adelante | AO18: 533228 | AP18: 634542 | AQ18: 10 en adelante | AR18: =MEDIAN(E18,H18,K18,N18,Q18,T18,W18,Z18,AC18,AF18,AI18,AL18,AO18) -> 533228 | AS18: =MEDIAN(F18,I18,L18,O18,R18,U18,X18,AA18,AD18,AG18,AJ18,AM18,AP18) -> 634542
B19: Carpa 2x2 m | C19: Carpa con paredes laterales y piso en estiba, con instalación y desinstalación | D19: 1 a 10 | E19: 431600 | F19: 513604 | G19: 1 a 10 | H19: 490000 | I19: =(H19*19%)+H19 -> 583100 | J19: 1 a 10 | K19: 1300000 | L19: 1547000 | M19: 1 a 10 | N19: 858000 | O19: =N19+(N19*19%) -> 1021020 | P19: 1 a 10 | Q19: 850000 | R19: =Q19*19%+Q19 -> 1011500 | S19: 1 a 10 | T19: 465300 | U19: =T19*1.19 -> 553707 | V19: 1 a 10 | W19: 800000 | X19: =W19*1.19 -> 952000 | Y19: 1 a 10 | Z19: 497310 | AA19: =Z19+(Z19*19%) -> 591798.9 | AB19: 1 a 10 | AC19: 435000 | AD19: =AC19*19%+AC19 -> 517650 | AE19: 1 a 10 | AF19: 448864 | AG19: =+AF19*1.19 -> 534148.16 | AH19: 1 a 10 | AI19: 816000 | AJ19: =+AI19*19%+AI19 -> 971040 | AK19: 1 a 10 | AL19: 648725 | AM19: =+AL19+(AL19*19%) -> 771982.75 | AN19: 1 a 10 | AO19: 353284 | AP19: 420407 | AQ19: 1 a 10 | AR19: =MEDIAN(E19,H19,K19,N19,Q19,T19,W19,Z19,AC19,AF19,AI19,AL19,AO19) -> 497310 | AS19: =MEDIAN(F19,I19,L19,O19,R19,U19,X19,AA19,AD19,AG19,AJ19,AM19,AP19) -> 591798.9
D20: 10 en adelante | E20: 409500 | F20: 487305 | G20: 10 en adelante | H20: 400000 | I20: =(H20*19%)+H20 -> 476000 | J20: 10 en adelante | K20: 1280000 | L20: 1523200 | M20: 10 en adelante | N20: 767000 | O20: =N20+(N20*19%) -> 912730 | P20: 10 en adelante | Q20: 700000 | R20: =Q20*19%+Q20 -> 833000 | S20: 10 en adelante | T20: 425480 | U20: =T20*1.19 -> 506321.2 | V20: 10 en adelante | W20: 800000 | X20: =W20*1.19 -> 952000 | Y20: 10 en adelante | Z20: 471900 | AA20: =Z20+(Z20*19%) -> 561561 | AB20: 10 en adelante | AC20: 362500 | AD20: =AC20*19%+AC20 -> 431375 | AE20: 10 en adelante | AF20: 425880 | AG20: =+AF20*1.19 -> 506797.2 | AH20: 10 en adelante | AI20: 614400 | AJ20: =+AI20*19%+AI20 -> 731136 | AK20: 10 en adelante | AL20: 583852.5 | AM20: =+AL20+(AL20*19%) -> 694784.47 | AN20: 10 en adelante | AO20: 319030 | AP20: 379645 | AQ20: 10 en adelante | AR20: =MEDIAN(E20,H20,K20,N20,Q20,T20,W20,Z20,AC20,AF20,AI20,AL20,AO20) -> 471900 | AS20: =MEDIAN(F20,I20,L20,O20,R20,U20,X20,AA20,AD20,AG20,AJ20,AM20,AP20) -> 561561
B21: Carpa 3x3 m | C21: Carpa con paredes laterales y piso en estiba, con instalación y desinstalación | D21: 1 a 10 | E21: 517700 | F21: 616063 | G21: 1 a 10 | H21: 590000 | I21: =(H21*19%)+H21 -> 702100 | J21: 1 a 10 | K21: 1600000 | L21: 1904000 | M21: 1 a 10 | N21: 1014000 | O21: =N21+(N21*19%) -> 1206660 | P21: 1 a 10 | Q21: 1200000 | R21: =Q21*19%+Q21 -> 1428000 | S21: 1 a 10 | T21: 541200 | U21: =T21*1.19 -> 644028 | V21: 1 a 10 | W21: 920000 | X21: =W21*1.19 -> 1094800 | Y21: 1 a 10 | Z21: 596530 | AA21: =Z21+(Z21*19%) -> 709870.7 | AB21: 1 a 10 | AC21: 622000 | AD21: =AC21*19%+AC21 -> 740180 | AE21: 1 a 10 | AF21: 538408 | AG21: =+AF21*1.19 -> 640705.52 | AH21: 1 a 10 | AI21: 912000 | AJ21: =+AI21*19%+AI21 -> 1085280 | AK21: 1 a 10 | AL21: 1115723 | AM21: =+AL21+(AL21*19%) -> 1327710.4 | AN21: 1 a 10 | AO21: 453912 | AP21: 540156 | AQ21: 1 a 10 | AR21: =MEDIAN(E21,H21,K21,N21,Q21,T21,W21,Z21,AC21,AF21,AI21,AL21,AO21) -> 622000 | AS21: =MEDIAN(F21,I21,L21,O21,R21,U21,X21,AA21,AD21,AG21,AJ21,AM21,AP21) -> 740180
D22: 10 en adelante | E22: 453600 | F22: 539784 | G22: 10 en adelante | H22: 450000 | I22: =(H22*19%)+H22 -> 535500 | J22: 10 en adelante | K22: 1580000 | L22: 1880200 | M22: 10 en adelante | N22: 936000 | O22: =N22+(N22*19%) -> 1113840 | P22: 10 en adelante | Q22: 1000000 | R22: =Q22*19%+Q22 -> 1190000 | S22: 10 en adelante | T22: 531300 | U22: =T22*1.19 -> 632247 | V22: 10 en adelante | W22: 920000 | X22: =W22*1.19 -> 1094800 | Y22: 10 en adelante | Z22: 522720 | AA22: =Z22+(Z22*19%) -> 622036.8 | AB22: 10 en adelante | AC22: 518334 | AD22: =AC22*19%+AC22 -> 616817.46 | AE22: 10 en adelante | AF22: 471744 | AG22: =+AF22*1.19 -> 561375.36 | AH22: 10 en adelante | AI22: 672000 | AJ22: =+AI22*19%+AI22 -> 799680 | AK22: 10 en adelante | AL22: 1004150.7 | AM22: =+AL22+(AL22*19%) -> 1194939.3 | AN22: 10 en adelante | AO22: 428744 | AP22: 510206 | AQ22: 10 en adelante | AR22: =MEDIAN(E22,H22,K22,N22,Q22,T22,W22,Z22,AC22,AF22,AI22,AL22,AO22) -> 531300 | AS22: =MEDIAN(F22,I22,L22,O22,R22,U22,X22,AA22,AD22,AG22,AJ22,AM22,AP22) -> 632247
B23: Carpa 4x4 m | C23: Carpa con paredes laterales y piso en estiba, con instalación y desinstalación | D23: 1 a 10 | E23: 637400 | F23: 758506 | G23: 1 a 10 | H23: 660000 | I23: =(H23*19%)+H23 -> 785400 | J23: 1 a 10 | K23: 1950000 | L23: 2320500 | M23: 1 a 10 | N23: 1248000 | O23: =N23+(N23*19%) -> 1485120 | P23: 1 a 10 | Q23: 1750000 | R23: =Q23*19%+Q23 -> 2082500 | S23: 1 a 10 | T23: 806300 | U23: =T23*1.19 -> 959497 | V23: 1 a 10 | W23: 1100000 | X23: =W23*1.19 -> 1309000 | Y23: 1 a 10 | Z23: 734470 | AA23: =Z23+(Z23*19%) -> 874019.3 | AB23: 1 a 10 | AC23: 680000 | AD23: =AC23*19%+AC23 -> 809200 | AE23: 1 a 10 | AF23: 662896 | AG23: =+AF23*1.19 -> 788846.24 | AH23: 1 a 10 | AI23: 1008000 | AJ23: =+AI23*19%+AI23 -> 1199520 | AK23: 1 a 10 | AL23: 1686685 | AM23: =+AL23+(AL23*19%) -> 2007155.1 | AN23: 1 a 10 | AO23: 708268 | AP23: 842839 | AQ23: 1 a 10 | AR23: =MEDIAN(E23,H23,K23,N23,Q23,T23,W23,Z23,AC23,AF23,AI23,AL23,AO23) -> 806300 | AS23: =MEDIAN(F23,I23,L23,O23,R23,U23,X23,AA23,AD23,AG23,AJ23,AM23,AP23) -> 959497
D24: 10 en adelante | E24: 550200 | F24: 654738 | G24: 10 en adelante | H24: 580000 | I24: =(H24*19%)+H24 -> 690200 | J24: 10 en adelante | K24: 1930000 | L24: 2296700 | M24: 10 en adelante | N24: 1157000 | O24: =N24+(N24*19%) -> 1376830 | P24: 10 en adelante | Q24: 1500000 | R24: =Q24*19%+Q24 -> 1785000 | S24: 10 en adelante | T24: 789800 | U24: =T24*1.19 -> 939862 | V24: 10 en adelante | W24: 1100000 | X24: =W24*1.19 -> 1309000 | Y24: 10 en adelante | Z24: 634040 | AA24: =Z24+(Z24*19%) -> 754507.6 | AB24: 10 en adelante | AC24: 566666 | AD24: =AC24*19%+AC24 -> 674332.54 | AE24: 10 en adelante | AF24: 572208 | AG24: =+AF24*1.19 -> 680927.52 | AH24: 10 en adelante | AI24: 768000 | AJ24: =+AI24*19%+AI24 -> 913920 | AK24: 10 en adelante | AL24: 1518016.5 | AM24: =+AL24+(AL24*19%) -> 1806439.6 | AN24: 10 en adelante | AO24: 679042 | AP24: 808060 | AQ24: 10 en adelante | AR24: =MEDIAN(E24,H24,K24,N24,Q24,T24,W24,Z24,AC24,AF24,AI24,AL24,AO24) -> 768000 | AS24: =MEDIAN(F24,I24,L24,O24,R24,U24,X24,AA24,AD24,AG24,AJ24,AM24,AP24) -> 913920
B25: Carpa | C25: Carpa tipo hangar de 12 X 6 m con paredes laterales. Adecuación en laterales para evacuación, con anclajes y soportes certificados, con instalación y desinstalación | D25: 1 | E25: 2648100 | F25: 3151239 | G25: 1 | H25: 1400000 | I25: =(H25*19%)+H25 -> 1666000 | J25: 1 | K25: 2700000 | L25: 3213000 | M25: 1 | N25: 2145000 | O25: =N25+(N25*19%) -> 2552550 | P25: 1 | Q25: 7500000 | R25: =Q25*19%+Q25 -> 8925000 | S25: 1 | T25: 605000 | U25: =T25*1.19 -> 719950 | V25: 1 | W25: 7000000 | X25: =W25*1.19 -> 8330000 | Y25: 1 | Z25: 4161300 | AA25: =Z25+(Z25*19%) -> 4951947 | AB25: 1 | AC25: 2200000 | AD25: =AC25*19%+AC25 -> 2618000 | AE25: 1 | AF25: 3045315 | AG25: =+AF25*1.19 -> 3623924.8 | AH25: 1 | AI25: 1815000 | AJ25: =+AI25*19%+AI25 -> 2159850 | AK25: 1 | AL25: 1556940 | AM25: =+AL25+(AL25*19%) -> 1852758.6 | AN25: 1 | AO25: 3850000 | AP25: 4581500 | AQ25: 1 | AR25: =MEDIAN(E25,H25,K25,N25,Q25,T25,W25,Z25,AC25,AF25,AI25,AL25,AO25) -> 2648100 | AS25: =MEDIAN(F25,I25,L25,O25,R25,U25,X25,AA25,AD25,AG25,AJ25,AM25,AP25) -> 3151239
B26: Carpa | C26: Carpa tipo hangar de 12 X 24 m con paredes laterales. Adecuación en laterales para evacuación, con anclajes y soportes certificados, con instalación y desistalación | D26: 1 | E26: 6369300 | F26: 7579467 | G26: 1 | H26: 3900000 | I26: =(H26*19%)+H26 -> 4641000 | J26: 1 | K26: 5600000 | L26: 6664000 | M26: 1 | N26: 8580000 | O26: =N26+(N26*19%) -> 10210200 | P26: 1 | Q26: 12000000 | R26: =Q26*19%+Q26 -> 14280000 | S26: 1 | T26: 3179000 | U26: =T26*1.19 -> 3783010 | V26: 1 | W26: 20000000 | X26: =W26*1.19 -> 23800000 | Y26: 1 | Z26: 7673490 | AA26: =Z26+(Z26*19%) -> 9131453.1 | AB26: 1 | AC26: 4165000 | AD26: =AC26*19%+AC26 -> 4956350 | AE26: 1 | AF26: 7324695 | AG26: =+AF26*1.19 -> 8716387 | AH26: 1 | AI26: 5535000 | AJ26: =+AI26*19%+AI26 -> 6586650 | AK26: 1 | AL26: 6227760 | AM26: =+AL26+(AL26*19%) -> 7411034.4 | AN26: 1 | AO26: 10200000 | AP26: 12138000 | AQ26: 1 | AR26: =MEDIAN(E26,H26,K26,N26,Q26,T26,W26,Z26,AC26,AF26,AI26,AL26,AO26) -> 6369300 | AS26: =MEDIAN(F26,I26,L26,O26,R26,U26,X26,AA26,AD26,AG26,AJ26,AM26,AP26) -> 7579467
B27: Tarima 1,22 m x 4,88 m x 0,80 m | C27: Color negro, con doble ingreso (escaleras de acceso) y faldón, con instalación y desinstalación | D27: 1 | E27: 961800 | F27: 1144542 | G27: 1 | H27: 750000 | I27: =(H27*19%)+H27 -> 892500 | J27: 1 | K27: 400000 | L27: 476000 | M27: 1 | N27: 715000 | O27: =N27+(N27*19%) -> 850850 | P27: 1 | Q27: 800000 | R27: =Q27*19%+Q27 -> 952000 | S27: 1 | T27: 454444.1 | U27: =T27*1.19 -> 540788.48 | V27: 1 | W27: 2333000 | X27: =W27*1.19 -> 2776270 | Y27: 1 | Z27: 1108360 | AA27: =Z27+(Z27*19%) -> 1318948.4 | AB27: 1 | AC27: 1560000 | AD27: =AC27*19%+AC27 -> 1856400 | AE27: 1 | AF27: 1057980 | AG27: =+AF27*1.19 -> 1258996.2 | AH27: 1 | AI27: 1005000 | AJ27: =+AI27*19%+AI27 -> 1195950 | AK27: 1 | AL27: 289660 | AM27: =+AL27+(AL27*19%) -> 344695.4 | AN27: 1 | AO27: 1200000 | AP27: 1428000 | AQ27: 1 | AR27: =MEDIAN(E27,H27,K27,N27,Q27,T27,W27,Z27,AC27,AF27,AI27,AL27,AO27) -> 961800 | AS27: =MEDIAN(F27,I27,L27,O27,R27,U27,X27,AA27,AD27,AG27,AJ27,AM27,AP27) -> 1144542
B28: Tarima de 6.10 m x 4.88 m x 0,80 m | C28: Color negro, con doble ingreso (escaleras de acceso) y faldón, técnico de montaje. | D28: 1 | E28: 3081800 | F28: 3667342 | G28: 1 | H28: 990000 | I28: =(H28*19%)+H28 -> 1178100 | J28: 1 | K28: 2800000 | L28: 3332000 | M28: 1 | N28: 1274000 | O28: =N28+(N28*19%) -> 1516060 | P28: 1 | Q28: 1200000 | R28: =Q28*19%+Q28 -> 1428000 | S28: 1 | T28: 2117500 | U28: =T28*1.19 -> 2519825 | V28: 1 | W28: 3333000 | X28: =W28*1.19 -> 3966270 | Y28: 1 | Z28: 3551350 | AA28: =Z28+(Z28*19%) -> 4226106.5 | AB28: 1 | AC28: 1980000 | AD28: =AC28*19%+AC28 -> 2356200 | AE28: 1 | AF28: 3235890 | AG28: =+AF28*1.19 -> 3850709.1 | AH28: 1 | AI28: 1336200 | AJ28: =+AI28*19%+AI28 -> 1590078 | AK28: 1 | AL28: 1961680 | AM28: =+AL28+(AL28*19%) -> 2334399.2 | AN28: 1 | AO28: 2950000 | AP28: 3510500 | AQ28: 1 | AR28: =MEDIAN(E28,H28,K28,N28,Q28,T28,W28,Z28,AC28,AF28,AI28,AL28,AO28) -> 2117500 | AS28: =MEDIAN(F28,I28,L28,O28,R28,U28,X28,AA28,AD28,AG28,AJ28,AM28,AP28) -> 2519825
A29: SONIDO | B29: Cabina de sonido | C29: Montada sobre trípode, con instalación y desinstalación | D29: 1 día | E29: 1070000 | F29: 1273300 | G29: 1 día | H29: 320000 | I29: =(H29*19%)+H29 -> 380800 | J29: 1 día | K29: 350000 | L29: 416500 | M29: 1 día | N29: 416000 | O29: =N29+(N29*19%) -> 495040 | P29: 1 día | Q29: 250000 | R29: =Q29*19%+Q29 -> 297500 | S29: 1 día | T29: 239250 | U29: =T29*1.19 -> 284707.5 | V29: 1 día | W29: 3333000 | X29: =W29*1.19 -> 3966270 | Y29: 1 día | Z29: 1232990 | AA29: =Z29+(Z29*19%) -> 1467258.1 | AB29: 1 día | AC29: 950000 | AD29: =AC29*19%+AC29 -> 1130500 | AE29: 1 día | AF29: 1177000 | AG29: =+AF29*1.19 -> 1400630 | AH29: 1 día | AI29: 420000 | AJ29: =+AI29*19%+AI29 -> 499800 | AK29: 1 día | AL29: 518000 | AM29: =+AL29+(AL29*19%) -> 616420 | AN29: 1 día | AO29: 650000 | AP29: 773500 | AQ29: 1 día | AR29: =MEDIAN(E29,H29,K29,N29,Q29,T29,W29,Z29,AC29,AF29,AI29,AL29,AO29) -> 518000 | AS29: =MEDIAN(F29,I29,L29,O29,R29,U29,X29,AA29,AD29,AG29,AJ29,AM29,AP29) -> 616420
B30: Ingeniero de sonido | D30: 1 día | E30: 702500 | F30: 835975 | G30: 1 día | H30: 430000 | I30: =(H30*19%)+H30 -> 511700 | J30: 1 día | K30: 750000 | L30: 892500 | M30: 1 día | N30: 325000 | O30: =N30+(N30*19%) -> 386750 | P30: 1 día | Q30: 150000 | R30: =Q30*19%+Q30 -> 178500 | S30: 1 día | T30: 350900 | U30: =T30*1.19 -> 417571 | V30: 1 día | W30: 1333000 | X30: =W30*1.19 -> 1586270 | Y30: 1 día | Z30: 809490 | AA30: =Z30+(Z30*19%) -> 963293.1 | AB30: 1 día | AC30: 575000 | AD30: =AC30*19%+AC30 -> 684250 | AE30: 1 día | AF30: 730600 | AG30: =+AF30*1.19 -> 869414 | AH30: 1 día | AI30: 675000 | AJ30: =+AI30*19%+AI30 -> 803250 | AK30: 1 día | AL30: 1816430 | AM30: =+AL30+(AL30*19%) -> 2161551.7 | AN30: 1 día | AO30: 650000 | AP30: 773500 | AQ30: 1 día | AR30: =MEDIAN(E30,H30,K30,N30,Q30,T30,W30,Z30,AC30,AF30,AI30,AL30,AO30) -> 675000 | AS30: =MEDIAN(F30,I30,L30,O30,R30,U30,X30,AA30,AD30,AG30,AJ30,AM30,AP30) -> 803250
B31: Ingeniero de video | D31: 1 día | E31: 702500 | F31: 835975 | G31: 1 día | H31: 540000 | I31: =(H31*19%)+H31 -> 642600 | J31: 1 día | K31: 750000 | L31: 892500 | M31: 1 día | N31: 325000 | O31: =N31+(N31*19%) -> 386750 | P31: 1 día | Q31: 150000 | R31: =Q31*19%+Q31 -> 178500 | S31: 1 día | T31: 350900 | U31: =T31*1.19 -> 417571 | V31: 1 día | W31: 1333000 | X31: =W31*1.19 -> 1586270 | Y31: 1 día | Z31: 809490 | AA31: =Z31+(Z31*19%) -> 963293.1 | AB31: 1 día | AC31: 575000 | AD31: =AC31*19%+AC31 -> 684250 | AE31: 1 día | AF31: 730600 | AG31: =+AF31*1.19 -> 869414 | AH31: 1 día | AI31: 720000 | AJ31: =+AI31*19%+AI31 -> 856800 | AK31: 1 día | AL31: 1297450 | AM31: =+AL31+(AL31*19%) -> 1543965.5 | AN31: 1 día | AO31: 650000 | AP31: 773500 | AQ31: 1 día | AR31: =MEDIAN(E31,H31,K31,N31,Q31,T31,W31,Z31,AC31,AF31,AI31,AL31,AO31) -> 702500 | AS31: =MEDIAN(F31,I31,L31,O31,R31,U31,X31,AA31,AD31,AG31,AJ31,AM31,AP31) -> 835975
B32: Sonido básico | C32: De 20 a 50 pax con técnico de sonido para su operación. | D32: 1 día | E32: 1296800 | F32: 1543192 | G32: 1 día | H32: 1290000 | I32: =(H32*19%)+H32 -> 1535100 | J32: 1 día | K32: 700000 | L32: 833000 | M32: 1 día | N32: 1014000 | O32: =N32+(N32*19%) -> 1206660 | P32: 1 día | Q32: 1500000 | R32: =Q32*19%+Q32 -> 1785000 | S32: 1 día | T32: 2073500 | U32: =T32*1.19 -> 2467465 | V32: 1 día | W32: 2333000 | X32: =W32*1.19 -> 2776270 | Y32: 1 día | Z32: 1494350 | AA32: =Z32+(Z32*19%) -> 1778276.5 | AB32: 1 día | AC32: 2142000 | AD32: =AC32*19%+AC32 -> 2548980 | AE32: 1 día | AF32: 1621000 | AG32: =+AF32*1.19 -> 1928990 | AH32: 1 día | AI32: 1845000 | AJ32: =+AI32*19%+AI32 -> 2195550 | AK32: 1 día | AL32: 2075920 | AM32: =+AL32+(AL32*19%) -> 2470344.8 | AN32: 1 día | AO32: 900000 | AP32: 1071000 | AQ32: 1 día | AR32: =MEDIAN(E32,H32,K32,N32,Q32,T32,W32,Z32,AC32,AF32,AI32,AL32,AO32) -> 1500000 | AS32: =MEDIAN(F32,I32,L32,O32,R32,U32,X32,AA32,AD32,AG32,AJ32,AM32,AP32) -> 1785000
A33: SISTEMA DE AUDIO | B33: Sonido de 3000 watts: para su operación. | C33: Cabinas auto potenciadas con base, consola mínimo de 16 canales análoga, reproductor de cd doble bandeja, mp3, puerto USB, cableado de señal, acometidas eléctricas, kit de 6 micrófonos alámbricos de mano, 6 micrófonos inalámbricos de mano, ingeniero de sonido, técnico de sonido, todos los elementos requeridos de solapa, 2 micrófonos de diadema, y todos los elementos requeridos para su operación. | D33: 1 día | E33: 1793400 | F33: 2134146 | G33: 1 día | H33: 2600000 | I33: =(H33*19%)+H33 -> 3094000 | J33: 1 día | K33: 2800000 | L33: 3332000 | M33: 1 día | N33: 0 | O33: =N33+(N33*19%) -> 0 | P33: 1 día | Q33: 3000000 | R33: =Q33*19%+Q33 -> 3570000 | S33: 1 día | T33: 9570000 | U33: =T33*1.19 -> 11388300 | V33: 1 día | W33: 7500000 | X33: =W33*1.19 -> 8925000 | Y33: 1 día | Z33: 2066680 | AA33: =Z33+(Z33*19%) -> 2459349.2 | AB33: 1 día | AC33: 3300000 | AD33: =AC33*19%+AC33 -> 3927000 | AE33: 1 día | AF33: 1972740 | AG33: =+AF33*1.19 -> 2347560.6 | AH33: 1 día | AI33: 2835000 | AJ33: =+AI33*19%+AI33 -> 3373650 | AK33: 1 día | AL33: 3892350 | AM33: =+AL33+(AL33*19%) -> 4631896.5 | AN33: 1 día | AO33: 6530652 | AP33: 7771476 | AQ33: 1 día | AR33: =MEDIAN(E33,H33,K33,N33,Q33,T33,W33,Z33,AC33,AF33,AI33,AL33,AO33) -> 2835000 | AS33: =MEDIAN(F33,I33,L33,O33,R33,U33,X33,AA33,AD33,AG33,AJ33,AM33,AP33) -> 3373650
D34: 1 día adicional | E34: 1610700 | F34: 1916733 | G34: 1 día adicional | H34: 1350000 | I34: =(H34*19%)+H34 -> 1606500 | J34: 1 día adicional | K34: 600000 | L34: 714000 | M34: 1 día adicional | N34: 5980000 | O34: =N34+(N34*19%) -> 7116200 | P34: 1 día adicional | Q34: 1000000 | R34: =Q34*19%+Q34 -> 1190000 | S34: 1 día adicional | T34: 5940000 | U34: =T34*1.19 -> 7068600 | V34: 1 día adicional | W34: 7500000 | X34: =W34*1.19 -> 8925000 | Y34: 1 día adicional | Z34: 1856140 | AA34: =Z34+(Z34*19%) -> 2208806.6 | AB34: 1 día adicional | AC34: 3665200 | AD34: =AC34*19%+AC34 -> 4361588 | AE34: 1 día adicional | AF34: 2013375 | AG34: =+AF34*1.19 -> 2395916.2 | AH34: 1 día adicional | AI34: 1845000 | AJ34: =+AI34*19%+AI34 -> 2195550 | AK34: 1 día adicional | AL34: 2919262.5 | AM34: =+AL34+(AL34*19%) -> 3473922.4 | AN34: 1 día adicional | AO34: 4987880 | AP34: 5935578 | AQ34: 1 día adicional | AR34: =MEDIAN(E34,H34,K34,N34,Q34,T34,W34,Z34,AC34,AF34,AI34,AL34,AO34) -> 2013375 | AS34: =MEDIAN(F34,I34,L34,O34,R34,U34,X34,AA34,AD34,AG34,AJ34,AM34,AP34) -> 2395916.2
B35: Sonido 6000 a 10000 watts: sistema line array, | C35: Consola mínimo de 32 canales digital para PA y consola de monitoreo de 36 canales, reproductor de cd doble bandeja, mp3, puerto USB, cableado de señal, acometidas eléctricas, kit de 6 micrófonos alámbricos de mano, 3 micrófonos inalámbricos de mano, 2 micrófonos de solapa, 2 micrófonos de diadema, ingeniero de sonido, técnico de sonido y todos los elementos requeridos para su operación. | D35: 1 día | E35: 2692200 | F35: 3203718 | G35: 1 día | H35: 6350000 | I35: =(H35*19%)+H35 -> 7556500 | J35: 1 día | K35: 3800000 | L35: 4522000 | M35: 1 día | N35: 7280000 | O35: =N35+(N35*19%) -> 8663200 | P35: 1 día | Q35: 6000000 | R35: =Q35*19%+Q35 -> 7140000 | S35: 1 día | T35: 10340000 | U35: =T35*1.19 -> 12304600 | V35: 1 día | W35: 26667000 | X35: =W35*1.19 -> 31733730 | Y35: 1 día | Z35: 3102440 | AA35: =Z35+(Z35*19%) -> 3691903.6 | AB35: 1 día | AC35: 6000000 | AD35: =AC35*19%+AC35 -> 7140000 | AE35: 1 día | AF35: 3365250 | AG35: =+AF35*1.19 -> 4004647.5 | AH35: 1 día | AI35: 8505000 | AJ35: =+AI35*19%+AI35 -> 10120950 | AK35: 1 día | AL35: 21277200 | AM35: =+AL35+(AL35*19%) -> 25319868 | AN35: 1 día | AO35: 10800000 | AP35: 12852000 | AQ35: 1 día | AR35: =MEDIAN(E35,H35,K35,N35,Q35,T35,W35,Z35,AC35,AF35,AI35,AL35,AO35) -> 6350000 | AS35: =MEDIAN(F35,I35,L35,O35,R35,U35,X35,AA35,AD35,AG35,AJ35,AM35,AP35) -> 7556500
B36: Sonido de 1000 watts: cabinas auto potenciadas con base | C36: Consola mínimo de 8 canales análoga, reproductor de cd doble bandeja, mp3, puerto USB, cableado de señal, acometidas eléctricas, kit de 3 micrófonos inalámbricos de mano, 1 micrófono de solapa, ingeniero de sonido, técnico de sonido y todos los elementos requeridos para su operación. | D36: 1 día | E36: 2378300 | F36: 2830177 | G36: 1 día | H36: 1650000 | I36: =(H36*19%)+H36 -> 1963500 | J36: 1 día | K36: 1950000 | L36: 2320500 | M36: 1 día | N36: 1495000 | O36: =N36+(N36*19%) -> 1779050 | P36: 1 día | Q36: 3000000 | R36: =Q36*19%+Q36 -> 3570000 | S36: 1 día | T36: 7053200 | U36: =T36*1.19 -> 8393308 | V36: 1 día | W36: 3333000 | X36: =W36*1.19 -> 3966270 | Y36: 1 día | Z36: 2740650 | AA36: =Z36+(Z36*19%) -> 3261373.5 | AB36: 1 día | AC36: 3300000 | AD36: =AC36*19%+AC36 -> 3927000 | AE36: 1 día | AF36: 2972875 | AG36: =+AF36*1.19 -> 3537721.2 | AH36: 1 día | AI36: 2175000 | AJ36: =+AI36*19%+AI36 -> 2588250 | AK36: 1 día | AL36: 6746740 | AM36: =+AL36+(AL36*19%) -> 8028620.6 | AN36: 1 día | AO36: 4166677 | AP36: 4958346 | AQ36: 1 día | AR36: =MEDIAN(E36,H36,K36,N36,Q36,T36,W36,Z36,AC36,AF36,AI36,AL36,AO36) -> 2972875 | AS36: =MEDIAN(F36,I36,L36,O36,R36,U36,X36,AA36,AD36,AG36,AJ36,AM36,AP36) -> 3537721.2
B37: 1 Micrófono inalámbrico de mano | D37: 1 día | E37: 204800 | F37: 243712 | G37: 1 día | H37: 160000 | I37: =(H37*19%)+H37 -> 190400 | J37: 1 día | K37: 280000 | L37: 333200 | M37: 1 día | N37: 162500 | O37: =N37+(N37*19%) -> 193375 | P37: 1 día | Q37: 100000 | R37: =Q37*19%+Q37 -> 119000 | S37: 1 día | T37: 212355 | U37: =T37*1.19 -> 252702.45 | V37: 1 día | W37: 500000 | X37: =W37*1.19 -> 595000 | Y37: 1 día | Z37: 235950 | AA37: =Z37+(Z37*19%) -> 280780.5 | AB37: 1 día | AC37: 308600 | AD37: =AC37*19%+AC37 -> 367234 | AE37: 1 día | AF37: 256000 | AG37: =+AF37*1.19 -> 304640 | AH37: 1 día | AI37: 210000 | AJ37: =+AI37*19%+AI37 -> 249900 | AK37: 1 día | AL37: 467082 | AM37: =+AL37+(AL37*19%) -> 555827.58 | AN37: 1 día | AO37: 182597 | AP37: 217290 | AQ37: 1 día | AR37: =MEDIAN(E37,H37,K37,N37,Q37,T37,W37,Z37,AC37,AF37,AI37,AL37,AO37) -> 212355 | AS37: =MEDIAN(F37,I37,L37,O37,R37,U37,X37,AA37,AD37,AG37,AJ37,AM37,AP37) -> 252702.45
D38: 1 día adicional | E38: 172200 | F38: 204918 | G38: 1 día adicional | H38: 115000 | I38: =(H38*19%)+H38 -> 136850 | J38: 1 día adicional | K38: 200000 | L38: 238000 | M38: 1 día adicional | N38: 123500 | O38: =N38+(N38*19%) -> 146965 | P38: 1 día adicional | Q38: 50000 | R38: =Q38*19%+Q38 -> 59500 | S38: 1 día adicional | T38: 179685 | U38: =T38*1.19 -> 213825.15 | V38: 1 día adicional | W38: 500000 | X38: =W38*1.19 -> 595000 | Y38: 1 día adicional | Z38: 198440 | AA38: =Z38+(Z38*19%) -> 236143.6 | AB38: 1 día adicional | AC38: 259400 | AD38: =AC38*19%+AC38 -> 308686 | AE38: 1 día adicional | AF38: 215250 | AG38: =+AF38*1.19 -> 256147.5 | AH38: 1 día adicional | AI38: 150000 | AJ38: =+AI38*19%+AI38 -> 178500 | AK38: 1 día adicional | AL38: 350311.5 | AM38: =+AL38+(AL38*19%) -> 416870.68 | AN38: 1 día adicional | AO38: 147060 | AP38: 175002 | AQ38: 1 día adicional | AR38: =MEDIAN(E38,H38,K38,N38,Q38,T38,W38,Z38,AC38,AF38,AI38,AL38,AO38) -> 179685 | AS38: =MEDIAN(F38,I38,L38,O38,R38,U38,X38,AA38,AD38,AG38,AJ38,AM38,AP38) -> 213825.15
B39: 1 Micrófono inalámbrico de solapa | D39: 1 día | E39: 264600 | F39: 314874 | G39: 1 día | H39: 202000 | I39: =(H39*19%)+H39 -> 240380 | J39: 1 día | K39: 290000 | L39: 345100 | M39: 1 día | N39: 123500 | O39: =N39+(N39*19%) -> 146965 | P39: 1 día | Q39: 100000 | R39: =Q39*19%+Q39 -> 119000 | S39: 1 día | T39: 212355 | U39: =T39*1.19 -> 252702.45 | V39: 1 día | W39: 500000 | X39: =W39*1.19 -> 595000 | Y39: 1 día | Z39: 304920 | AA39: =Z39+(Z39*19%) -> 362854.8 | AB39: 1 día | AC39: 367000 | AD39: =AC39*19%+AC39 -> 436730 | AE39: 1 día | AF39: 330750 | AG39: =+AF39*1.19 -> 393592.5 | AH39: 1 día | AI39: 285000 | AJ39: =+AI39*19%+AI39 -> 339150 | AK39: 1 día | AL39: 467082 | AM39: =+AL39+(AL39*19%) -> 555827.58 | AN39: 1 día | AO39: 196360 | AP39: 233668 | AQ39: 1 día | AR39: =MEDIAN(E39,H39,K39,N39,Q39,T39,W39,Z39,AC39,AF39,AI39,AL39,AO39) -> 285000 | AS39: =MEDIAN(F39,I39,L39,O39,R39,U39,X39,AA39,AD39,AG39,AJ39,AM39,AP39) -> 339150
D40: 1 día adicional | E40: 226800 | F40: 269892 | G40: 1 día adicional | H40: 168000 | I40: =(H40*19%)+H40 -> 199920 | J40: 1 día adicional | K40: 210000 | L40: 249900 | M40: 1 día adicional | N40: 104000 | O40: =N40+(N40*19%) -> 123760 | P40: 1 día adicional | Q40: 50000 | R40: =Q40*19%+Q40 -> 59500 | S40: 1 día adicional | T40: 179685 | U40: =T40*1.19 -> 213825.15 | V40: 1 día adicional | W40: 500000 | X40: =W40*1.19 -> 595000 | Y40: 1 día adicional | Z40: 261360 | AA40: =Z40+(Z40*19%) -> 311018.4 | AB40: 1 día adicional | AC40: 308335 | AD40: =AC40*19%+AC40 -> 366918.65 | AE40: 1 día adicional | AF40: 283500 | AG40: =+AF40*1.19 -> 337365 | AH40: 1 día adicional | AI40: 225000 | AJ40: =+AI40*19%+AI40 -> 267750 | AK40: 1 día adicional | AL40: 350311.5 | AM40: =+AL40+(AL40*19%) -> 416870.68 | AN40: 1 día adicional | AO40: 168308 | AP40: 200287 | AQ40: 1 día adicional | AR40: =MEDIAN(E40,H40,K40,N40,Q40,T40,W40,Z40,AC40,AF40,AI40,AL40,AO40) -> 225000 | AS40: =MEDIAN(F40,I40,L40,O40,R40,U40,X40,AA40,AD40,AG40,AJ40,AM40,AP40) -> 267750
B41: Caja de audio para prensa | C41: Con mínimo 12 entradas en canon, cableada y con elementos necesarios para entrar a la consola principal. | D41: 1 día | E41: 561800 | F41: 668542 | G41: 1 día | H41: 315000 | I41: =(H41*19%)+H41 -> 374850 | J41: 1 día | K41: 480000 | L41: 571200 | M41: 1 día | N41: 494000 | O41: =N41+(N41*19%) -> 587860 | P41: 1 día | Q41: 500000 | R41: =Q41*19%+Q41 -> 595000 | S41: 1 día | T41: 417450 | U41: =T41*1.19 -> 496765.5 | V41: 1 día | W41: 583000 | X41: =W41*1.19 -> 693770 | Y41: 1 día | Z41: 647350 | AA41: =Z41+(Z41*19%) -> 770346.5 | AB41: 1 día | AC41: 579250 | AD41: =AC41*19%+AC41 -> 689307.5 | AE41: 1 día | AF41: 617980 | AG41: =+AF41*1.19 -> 735396.2 | AH41: 1 día | AI41: 420000 | AJ41: =+AI41*19%+AI41 -> 499800 | AK41: 1 día | AL41: 588000 | AM41: =+AL41+(AL41*19%) -> 699720 | AN41: 1 día | AO41: 491881 | AP41: 585339 | AQ41: 1 día | AR41: =MEDIAN(E41,H41,K41,N41,Q41,T41,W41,Z41,AC41,AF41,AI41,AL41,AO41) -> 500000 | AS41: =MEDIAN(F41,I41,L41,O41,R41,U41,X41,AA41,AD41,AG41,AJ41,AM41,AP41) -> 595000
D42: 1 día adicional | E42: 539700 | F42: 642243 | G42: 1 día adicional | H42: 224000 | I42: =(H42*19%)+H42 -> 266560 | J42: 1 día adicional | K42: 150000 | L42: 178500 | M42: 1 día adicional | N42: 416000 | O42: =N42+(N42*19%) -> 495040 | P42: 1 día adicional | Q42: 800000 | R42: =Q42*19%+Q42 -> 952000 | S42: 1 día adicional | T42: 208725 | U42: =T42*1.19 -> 248382.75 | V42: 1 día adicional | W42: 583000 | X42: =W42*1.19 -> 693770 | Y42: 1 día adicional | Z42: 621940 | AA42: =Z42+(Z42*19%) -> 740108.6 | AB42: 1 día adicional | AC42: 486750 | AD42: =AC42*19%+AC42 -> 579232.5 | AE42: 1 día adicional | AF42: 593670 | AG42: =+AF42*1.19 -> 706467.3 | AH42: 1 día adicional | AI42: 300000 | AJ42: =+AI42*19%+AI42 -> 357000 | AK42: 1 día adicional | AL42: 441000 | AM42: =+AL42+(AL42*19%) -> 524790 | AN42: 1 día adicional | AO42: 403590 | AP42: 480272 | AQ42: 1 día adicional | AR42: =MEDIAN(E42,H42,K42,N42,Q42,T42,W42,Z42,AC42,AF42,AI42,AL42,AO42) -> 441000 | AS42: =MEDIAN(F42,I42,L42,O42,R42,U42,X42,AA42,AD42,AG42,AJ42,AM42,AP42) -> 524790
A43: ILUMINACIÓN | B43: 1 Led pinspot 3w | D43: 1 día | E43: 378000 | F43: 449820 | G43: 1 día | H43: 84000 | I43: =(H43*19%)+H43 -> 99960 | J43: 1 día | K43: 42000 | L43: 49980 | M43: 1 día | N43: 97500 | O43: =N43+(N43*19%) -> 116025 | P43: 1 día | Q43: 70000 | R43: =Q43*19%+Q43 -> 83300 | S43: 1 día | T43: 121000 | U43: =T43*1.19 -> 143990 | V43: 1 día | W43: 167000 | X43: =W43*1.19 -> 198730 | Y43: 1 día | Z43: 435600 | AA43: =Z43+(Z43*19%) -> 518364 | AB43: 1 día | AC43: 178000 | AD43: =AC43*19%+AC43 -> 211820 | AE43: 1 día | AF43: 396900 | AG43: =+AF43*1.19 -> 472311 | AH43: 1 día | AI43: 112500 | AJ43: =+AI43*19%+AI43 -> 133875 | AK43: 1 día | AL43: 378000 | AM43: =+AL43+(AL43*19%) -> 449820 | AN43: 1 día | AO43: 124289 | AP43: 147904 | AQ43: 1 día | AR43: =MEDIAN(E43,H43,K43,N43,Q43,T43,W43,Z43,AC43,AF43,AI43,AL43,AO43) -> 124289 | AS43: =MEDIAN(F43,I43,L43,O43,R43,U43,X43,AA43,AD43,AG43,AJ43,AM43,AP43) -> 147904
D44: 1 día adicional | E44: 323400 | F44: 384846 | G44: 1 día adicional | H44: 51000 | I44: =(H44*19%)+H44 -> 60690 | J44: 1 día adicional | K44: 380000 | L44: 452200 | M44: 1 día adicional | N44: 78000 | O44: =N44+(N44*19%) -> 92820 | P44: 1 día adicional | Q44: 40000 | R44: =Q44*19%+Q44 -> 47600 | S44: 1 día adicional | T44: 90750 | U44: =T44*1.19 -> 107992.5 | V44: 1 día adicional | W44: 167000 | X44: =W44*1.19 -> 198730 | Y44: 1 día adicional | Z44: 372680 | AA44: =Z44+(Z44*19%) -> 443489.2 | AB44: 1 día adicional | AC44: 155000 | AD44: =AC44*19%+AC44 -> 184450 | AE44: 1 día adicional | AF44: 339570 | AG44: =+AF44*1.19 -> 404088.3 | AH44: 1 día adicional | AI44: 67500 | AJ44: =+AI44*19%+AI44 -> 80325 | AK44: 1 día adicional | AL44: 283500 | AM44: =+AL44+(AL44*19%) -> 337365 | AN44: 1 día adicional | AO44: 103151 | AP44: 122750 | AQ44: 1 día adicional | AR44: =MEDIAN(E44,H44,K44,N44,Q44,T44,W44,Z44,AC44,AF44,AI44,AL44,AO44) -> 155000 | AS44: =MEDIAN(F44,I44,L44,O44,R44,U44,X44,AA44,AD44,AG44,AJ44,AM44,AP44) -> 184450
B45: 1 Cabeza robótica de 250 w | D45: 1 día | E45: 853700 | F45: 1015903 | G45: 1 día | H45: 425000 | I45: =(H45*19%)+H45 -> 505750 | J45: 1 día | K45: 150000 | L45: 178500 | M45: 1 día | N45: 422500 | O45: =N45+(N45*19%) -> 502775 | P45: 1 día | Q45: 250000 | R45: =Q45*19%+Q45 -> 297500 | S45: 1 día | T45: 438625 | U45: =T45*1.19 -> 521963.75 | V45: 1 día | W45: 533000 | X45: =W45*1.19 -> 634270 | Y45: 1 día | Z45: 983730 | AA45: =Z45+(Z45*19%) -> 1170638.7 | AB45: 1 día | AC45: 454000 | AD45: =AC45*19%+AC45 -> 540260 | AE45: 1 día | AF45: 896385 | AG45: =+AF45*1.19 -> 1066698.1 | AH45: 1 día | AI45: 570000 | AJ45: =+AI45*19%+AI45 -> 678300 | AK45: 1 día | AL45: 648725 | AM45: =+AL45+(AL45*19%) -> 771982.75 | AN45: 1 día | AO45: 417820 | AP45: 497206 | AQ45: 1 día | AR45: =MEDIAN(E45,H45,K45,N45,Q45,T45,W45,Z45,AC45,AF45,AI45,AL45,AO45) -> 454000 | AS45: =MEDIAN(F45,I45,L45,O45,R45,U45,X45,AA45,AD45,AG45,AJ45,AM45,AP45) -> 540260
D46: 1 día adicional | E46: 831600 | F46: 989604 | G46: 1 día adicional | H46: 336000 | I46: =(H46*19%)+H46 -> 399840 | J46: 1 día adicional | K46: 90000 | L46: 107100 | M46: 1 día adicional | N46: 377000 | O46: =N46+(N46*19%) -> 448630 | P46: 1 día adicional | Q46: 180000 | R46: =Q46*19%+Q46 -> 214200 | S46: 1 día adicional | T46: 242000 | U46: =T46*1.19 -> 287980 | V46: 1 día adicional | W46: 533000 | X46: =W46*1.19 -> 634270 | Y46: 1 día adicional | Z46: 958320 | AA46: =Z46+(Z46*19%) -> 1140400.8 | AB46: 1 día adicional | AC46: 438000 | AD46: =AC46*19%+AC46 -> 521220 | AE46: 1 día adicional | AF46: 873180 | AG46: =+AF46*1.19 -> 1039084.2 | AH46: 1 día adicional | AI46: 450000 | AJ46: =+AI46*19%+AI46 -> 535500 | AK46: 1 día adicional | AL46: 486543.75 | AM46: =+AL46+(AL46*19%) -> 578987.06 | AN46: 1 día adicional | AO46: 329373 | AP46: 391954 | AQ46: 1 día adicional | AR46: =MEDIAN(E46,H46,K46,N46,Q46,T46,W46,Z46,AC46,AF46,AI46,AL46,AO46) -> 438000 | AS46: =MEDIAN(F46,I46,L46,O46,R46,U46,X46,AA46,AD46,AG46,AJ46,AM46,AP46) -> 521220
B47: 1 Maxi brutos x 9 Kw | D47: 1 día | E47: 626900 | F47: 746011 | G47: 1 día | H47: 440000 | I47: =(H47*19%)+H47 -> 523600 | J47: 1 día | K47: 480000 | L47: 571200 | M47: 1 día | N47: 552500 | O47: =N47+(N47*19%) -> 657475 | P47: 1 día | Q47: 300000 | R47: =Q47*19%+Q47 -> 357000 | S47: 1 día | T47: 453750 | U47: =T47*1.19 -> 539962.5 | V47: 1 día | W47: 1083000 | X47: =W47*1.19 -> 1288770 | Y47: 1 día | Z47: 722370 | AA47: =Z47+(Z47*19%) -> 859620.3 | AB47: 1 día | AC47: 406000 | AD47: =AC47*19%+AC47 -> 483140 | AE47: 1 día | AF47: 658245 | AG47: =+AF47*1.19 -> 783311.55 | AH47: 1 día | AI47: 675000 | AJ47: =+AI47*19%+AI47 -> 803250 | AK47: 1 día | AL47: 1582000 | AM47: =+AL47+(AL47*19%) -> 1882580 | AN47: 1 día | AO47: 437178 | AP47: 520242 | AQ47: 1 día | AR47: =MEDIAN(E47,H47,K47,N47,Q47,T47,W47,Z47,AC47,AF47,AI47,AL47,AO47) -> 552500 | AS47: =MEDIAN(F47,I47,L47,O47,R47,U47,X47,AA47,AD47,AG47,AJ47,AM47,AP47) -> 657475
D48: 1 día adicional | E48: 594300 | F48: 707217 | G48: 1 día adicional | H48: 308000 | I48: =(H48*19%)+H48 -> 366520 | J48: 1 día adicional | K48: 400000 | L48: 476000 | M48: 1 día adicional | N48: 507000 | O48: =N48+(N48*19%) -> 603330 | P48: 1 día adicional | Q48: 200000 | R48: =Q48*19%+Q48 -> 238000 | S48: 1 día adicional | T48: 242000 | U48: =T48*1.19 -> 287980 | V48: 1 día adicional | W48: 1083000 | X48: =W48*1.19 -> 1288770 | Y48: 1 día adicional | Z48: 684860 | AA48: =Z48+(Z48*19%) -> 814983.4 | AB48: 1 día adicional | AC48: 370000 | AD48: =AC48*19%+AC48 -> 440300 | AE48: 1 día adicional | AF48: 624015 | AG48: =+AF48*1.19 -> 742577.85 | AH48: 1 día adicional | AI48: 525000 | AJ48: =+AI48*19%+AI48 -> 624750 | AK48: 1 día adicional | AL48: 1186500 | AM48: =+AL48+(AL48*19%) -> 1411935 | AN48: 1 día adicional | AO48: 339660 | AP48: 404195 | AQ48: 1 día adicional | AR48: =MEDIAN(E48,H48,K48,N48,Q48,T48,W48,Z48,AC48,AF48,AI48,AL48,AO48) -> 507000 | AS48: =MEDIAN(F48,I48,L48,O48,R48,U48,X48,AA48,AD48,AG48,AJ48,AM48,AP48) -> 603330
B49: 1 Máquina de humo de 1000w | D49: 1 día | E49: 821100 | F49: 977109 | G49: 1 día | H49: 560000 | I49: =(H49*19%)+H49 -> 666400 | J49: 1 día | K49: 95000 | L49: 113050 | M49: 1 día | N49: 364000 | O49: =N49+(N49*19%) -> 433160 | P49: 1 día | Q49: 150000 | R49: =Q49*19%+Q49 -> 178500 | S49: 1 día | T49: 680625 | U49: =T49*1.19 -> 809943.75 | V49: 1 día | W49: 333000 | X49: =W49*1.19 -> 396270 | Y49: 1 día | Z49: 946220 | AA49: =Z49+(Z49*19%) -> 1126001.8 | AB49: 1 día | AC49: 850000 | AD49: =AC49*19%+AC49 -> 1011500 | AE49: 1 día | AF49: 862155 | AG49: =+AF49*1.19 -> 1025964.4 | AH49: 1 día | AI49: 840000 | AJ49: =+AI49*19%+AI49 -> 999600 | AK49: 1 día | AL49: 908215 | AM49: =+AL49+(AL49*19%) -> 1080775.9 | AN49: 1 día | AO49: 340618 | AP49: 405336 | AQ49: 1 día | AR49: =MEDIAN(E49,H49,K49,N49,Q49,T49,W49,Z49,AC49,AF49,AI49,AL49,AO49) -> 680625 | AS49: =MEDIAN(F49,I49,L49,O49,R49,U49,X49,AA49,AD49,AG49,AJ49,AM49,AP49) -> 809943.75
D50: 1 día adicional | E50: 788600 | F50: 938434 | G50: 1 día adicional | H50: 430000 | I50: =(H50*19%)+H50 -> 511700 | J50: 1 día adicional | K50: 45000 | L50: 53550 | M50: 1 día adicional | N50: 325000 | O50: =N50+(N50*19%) -> 386750 | P50: 1 día adicional | Q50: 100000 | R50: =Q50*19%+Q50 -> 119000 | S50: 1 día adicional | T50: 453750 | U50: =T50*1.19 -> 539962.5 | V50: 1 día adicional | W50: 333000 | X50: =W50*1.19 -> 396270 | Y50: 1 día adicional | Z50: 908710 | AA50: =Z50+(Z50*19%) -> 1081364.9 | AB50: 1 día adicional | AC50: 790000 | AD50: =AC50*19%+AC50 -> 940100 | AE50: 1 día adicional | AF50: 828030 | AG50: =+AF50*1.19 -> 985355.7 | AH50: 1 día adicional | AI50: 600000 | AJ50: =+AI50*19%+AI50 -> 714000 | AK50: 1 día adicional | AL50: 681161.25 | AM50: =+AL50+(AL50*19%) -> 810581.89 | AN50: 1 día adicional | AO50: 283025 | AP50: 336800 | AQ50: 1 día adicional | AR50: =MEDIAN(E50,H50,K50,N50,Q50,T50,W50,Z50,AC50,AF50,AI50,AL50,AO50) -> 453750 | AS50: =MEDIAN(F50,I50,L50,O50,R50,U50,X50,AA50,AD50,AG50,AJ50,AM50,AP50) -> 539962.5
B51: 1 Consola de luces 24 canales | D51: 1 día | E51: 853700 | F51: 1015903 | G51: 1 día | H51: 730000 | I51: =(H51*19%)+H51 -> 868700 | J51: 1 día | K51: 560000 | L51: 666400 | M51: 1 día | N51: 364000 | O51: =N51+(N51*19%) -> 433160 | P51: 1 día | Q51: 200000 | R51: =Q51*19%+Q51 -> 238000 | S51: 1 día | T51: 741125 | U51: =T51*1.19 -> 881938.75 | V51: 1 día | W51: 583000 | X51: =W51*1.19 -> 693770 | Y51: 1 día | Z51: 983730 | AA51: =Z51+(Z51*19%) -> 1170638.7 | AB51: 1 día | AC51: 1360000 | AD51: =AC51*19%+AC51 -> 1618400 | AE51: 1 día | AF51: 896385 | AG51: =+AF51*1.19 -> 1066698.1 | AH51: 1 día | AI51: 1065000 | AJ51: =+AI51*19%+AI51 -> 1267350 | AK51: 1 día | AL51: 1816430 | AM51: =+AL51+(AL51*19%) -> 2161551.7 | AN51: 1 día | AO51: 554500 | AP51: 659855 | AQ51: 1 día | AR51: =MEDIAN(E51,H51,K51,N51,Q51,T51,W51,Z51,AC51,AF51,AI51,AL51,AO51) -> 741125 | AS51: =MEDIAN(F51,I51,L51,O51,R51,U51,X51,AA51,AD51,AG51,AJ51,AM51,AP51) -> 881938.75
D52: 1 día adicional | E52: 788600 | F52: 938434 | G52: 1 día adicional | H52: 540000 | I52: =(H52*19%)+H52 -> 642600 | J52: 1 día adicional | K52: 200000 | L52: 238000 | M52: 1 día adicional | N52: 325000 | O52: =N52+(N52*19%) -> 386750 | P52: 1 día adicional | Q52: 120000 | R52: =Q52*19%+Q52 -> 142800 | S52: 1 día adicional | T52: 529375 | U52: =T52*1.19 -> 629956.25 | V52: 1 día adicional | W52: 583000 | X52: =W52*1.19 -> 693770 | Y52: 1 día adicional | Z52: 908710 | AA52: =Z52+(Z52*19%) -> 1081364.9 | AB52: 1 día adicional | AC52: 1275000 | AD52: =AC52*19%+AC52 -> 1517250 | AE52: 1 día adicional | AF52: 828030 | AG52: =+AF52*1.19 -> 985355.7 | AH52: 1 día adicional | AI52: 750000 | AJ52: =+AI52*19%+AI52 -> 892500 | AK52: 1 día adicional | AL52: 1362322.5 | AM52: =+AL52+(AL52*19%) -> 1621163.8 | AN52: 1 día adicional | AO52: 450445 | AP52: 536029 | AQ52: 1 día adicional | AR52: =MEDIAN(E52,H52,K52,N52,Q52,T52,W52,Z52,AC52,AF52,AI52,AL52,AO52) -> 583000 | AS52: =MEDIAN(F52,I52,L52,O52,R52,U52,X52,AA52,AD52,AG52,AJ52,AM52,AP52) -> 693770
A53: PANTALLAS | B53: Pantallas táctiles de ingreso con branding pantalla de 40" | C53: con Soporte técnico | D53: 1 día | E53: 1621200 | F53: 1929228 | G53: 1 día | H53: 760000 | I53: =(H53*19%)+H53 -> 904400 | J53: 1 día | K53: 1000000 | L53: 1190000 | M53: 1 día | N53: 845000 | O53: =N53+(N53*19%) -> 1005550 | P53: 1 día | Q53: 800000 | R53: =Q53*19%+Q53 -> 952000 | S53: 1 día | T53: 1410750 | U53: =T53*1.19 -> 1678792.5 | V53: 1 día | W53: 1167000 | X53: =W53*1.19 -> 1388730 | Y53: 1 día | Z53: 1868240 | AA53: =Z53+(Z53*19%) -> 2223205.6 | AB53: 1 día | AC53: 1000000 | AD53: =AC53*19%+AC53 -> 1190000 | AE53: 1 día | AF53: 1783320 | AG53: =+AF53*1.19 -> 2122150.8 | AH53: 1 día | AI53: 1020000 | AJ53: =+AI53*19%+AI53 -> 1213800 | AK53: 1 día | AL53: 938000 | AM53: =+AL53+(AL53*19%) -> 1116220 | AN53: 1 día | AO53: 900000 | AP53: 1071000 | AQ53: 1 día | AR53: =MEDIAN(E53,H53,K53,N53,Q53,T53,W53,Z53,AC53,AF53,AI53,AL53,AO53) -> 1000000 | AS53: =MEDIAN(F53,I53,L53,O53,R53,U53,X53,AA53,AD53,AG53,AJ53,AM53,AP53) -> 1190000
D54: 1 día adicional | E54: 1394400 | F54: 1659336 | G54: 1 día adicional | H54: 560000 | I54: =(H54*19%)+H54 -> 666400 | J54: 1 día adicional | K54: 600000 | L54: 714000 | M54: 1 día adicional | N54: 767000 | O54: =N54+(N54*19%) -> 912730 | P54: 1 día adicional | Q54: 650000 | R54: =Q54*19%+Q54 -> 773500 | S54: 1 día adicional | T54: 705375 | U54: =T54*1.19 -> 839396.25 | V54: 1 día adicional | W54: 1167000 | X54: =W54*1.19 -> 1388730 | Y54: 1 día adicional | Z54: 1606880 | AA54: =Z54+(Z54*19%) -> 1912187.2 | AB54: 1 día adicional | AC54: 850000 | AD54: =AC54*19%+AC54 -> 1011500 | AE54: 1 día adicional | AF54: 1505952 | AG54: =+AF54*1.19 -> 1792082.9 | AH54: 1 día adicional | AI54: 750000 | AJ54: =+AI54*19%+AI54 -> 892500 | AK54: 1 día adicional | AL54: 703500 | AM54: =+AL54+(AL54*19%) -> 837165 | AN54: 1 día adicional | AO54: 600000 | AP54: 714000 | AQ54: 1 día adicional | AR54: =MEDIAN(E54,H54,K54,N54,Q54,T54,W54,Z54,AC54,AF54,AI54,AL54,AO54) -> 750000 | AS54: =MEDIAN(F54,I54,L54,O54,R54,U54,X54,AA54,AD54,AG54,AJ54,AM54,AP54) -> 892500
B55: 1 Pantalla Led 42" con base | D55: 1 día | E55: 853700 | F55: 1015903 | G55: 1 día | H55: 315000 | I55: =(H55*19%)+H55 -> 374850 | J55: 1 día | K55: 1250000 | L55: 1487500 | M55: 1 día | N55: 494000 | O55: =N55+(N55*19%) -> 587860 | P55: 1 día | Q55: 300000 | R55: =Q55*19%+Q55 -> 357000 | S55: 1 día | T55: 424710 | U55: =T55*1.19 -> 505404.9 | V55: 1 día | W55: 1000000 | X55: =W55*1.19 -> 1190000 | Y55: 1 día | Z55: 983730 | AA55: =Z55+(Z55*19%) -> 1170638.7 | AB55: 1 día | AC55: 647500 | AD55: =AC55*19%+AC55 -> 770525 | AE55: 1 día | AF55: 853700 | AG55: =+AF55*1.19 -> 1015903 | AH55: 1 día | AI55: 420000 | AJ55: =+AI55*19%+AI55 -> 499800 | AK55: 1 día | AL55: 363230 | AM55: =+AL55+(AL55*19%) -> 432243.7 | AN55: 1 día | AO55: 387033 | AP55: 460569 | AQ55: 1 día | AR55: =MEDIAN(E55,H55,K55,N55,Q55,T55,W55,Z55,AC55,AF55,AI55,AL55,AO55) -> 494000 | AS55: =MEDIAN(F55,I55,L55,O55,R55,U55,X55,AA55,AD55,AG55,AJ55,AM55,AP55) -> 587860
D56: 1 día adicional | E56: 788600 | F56: 938434 | G56: 1 día adicional | H56: 240000 | I56: =(H56*19%)+H56 -> 285600 | J56: 1 día adicional | K56: 750000 | L56: 892500 | M56: 1 día adicional | N56: 442000 | O56: =N56+(N56*19%) -> 525980 | P56: 1 día adicional | Q56: 200000 | R56: =Q56*19%+Q56 -> 238000 | S56: 1 día adicional | T56: 228690 | U56: =T56*1.19 -> 272141.1 | V56: 1 día adicional | W56: 1000000 | X56: =W56*1.19 -> 1190000 | Y56: 1 día adicional | Z56: 908710 | AA56: =Z56+(Z56*19%) -> 1081364.9 | AB56: 1 día adicional | AC56: 544100 | AD56: =AC56*19%+AC56 -> 647479 | AE56: 1 día adicional | AF56: 788600 | AG56: =+AF56*1.19 -> 938434 | AH56: 1 día adicional | AI56: 300000 | AJ56: =+AI56*19%+AI56 -> 357000 | AK56: 1 día adicional | AL56: 272422.5 | AM56: =+AL56+(AL56*19%) -> 324182.78 | AN56: 1 día adicional | AO56: 315356 | AP56: 375273 | AQ56: 1 día adicional | AR56: =MEDIAN(E56,H56,K56,N56,Q56,T56,W56,Z56,AC56,AF56,AI56,AL56,AO56) -> 442000 | AS56: =MEDIAN(F56,I56,L56,O56,R56,U56,X56,AA56,AD56,AG56,AJ56,AM56,AP56) -> 525980
B57: 1 Pantalla Led 42" | C57: Con timer de retorno | D57: 1 día | E57: 810600 | F57: 964614 | G57: 1 día | H57: 350000 | I57: =(H57*19%)+H57 -> 416500 | J57: 1 día | K57: 1100000 | L57: 1309000 | M57: 1 día | N57: 546000 | O57: =N57+(N57*19%) -> 649740 | P57: 1 día | Q57: 350000 | R57: =Q57*19%+Q57 -> 416500 | S57: 1 día | T57: 424710 | U57: =T57*1.19 -> 505404.9 | V57: 1 día | W57: 1000000 | X57: =W57*1.19 -> 1190000 | Y57: 1 día | Z57: 934120 | AA57: =Z57+(Z57*19%) -> 1111602.8 | AB57: 1 día | AC57: 694700 | AD57: =AC57*19%+AC57 -> 826693 | AE57: 1 día | AF57: 810600 | AG57: =+AF57*1.19 -> 964614 | AH57: 1 día | AI57: 420000 | AJ57: =+AI57*19%+AI57 -> 499800 | AK57: 1 día | AL57: 252000 | AM57: =+AL57+(AL57*19%) -> 299880 | AN57: 1 día | AO57: 444822 | AP57: 529338 | AQ57: 1 día | AR57: =MEDIAN(E57,H57,K57,N57,Q57,T57,W57,Z57,AC57,AF57,AI57,AL57,AO57) -> 546000 | AS57: =MEDIAN(F57,I57,L57,O57,R57,U57,X57,AA57,AD57,AG57,AJ57,AM57,AP57) -> 649740
B58: 1 Pantalla Led 56" con base | D58: 1 día | E58: 918800 | F58: 1093372 | G58: 1 día | H58: 360000 | I58: =(H58*19%)+H58 -> 428400 | J58: 1 día | K58: 1900000 | L58: 2261000 | M58: 1 día | N58: 637000 | O58: =N58+(N58*19%) -> 758030 | P58: 1 día | Q58: 250000 | R58: =Q58*19%+Q58 -> 297500 | S58: 1 día | T58: 735075 | U58: =T58*1.19 -> 874739.25 | V58: 1 día | W58: 1083000 | X58: =W58*1.19 -> 1288770 | Y58: 1 día | Z58: 1058750 | AA58: =Z58+(Z58*19%) -> 1259912.5 | AB58: 1 día | AC58: 758000 | AD58: =AC58*19%+AC58 -> 902020 | AE58: 1 día | AF58: 918800 | AG58: =+AF58*1.19 -> 1093372 | AH58: 1 día | AI58: 480000 | AJ58: =+AI58*19%+AI58 -> 571200 | AK58: 1 día | AL58: 570878 | AM58: =+AL58+(AL58*19%) -> 679344.82 | AN58: 1 día | AO58: 626237 | AP58: 745222 | AQ58: 1 día | AR58: =MEDIAN(E58,H58,K58,N58,Q58,T58,W58,Z58,AC58,AF58,AI58,AL58,AO58) -> 735075 | AS58: =MEDIAN(F58,I58,L58,O58,R58,U58,X58,AA58,AD58,AG58,AJ58,AM58,AP58) -> 874739.25
D59: 1 día adicional | E59: 886200 | F59: 1054578 | G59: 1 día adicional | H59: 280000 | I59: =(H59*19%)+H59 -> 333200 | J59: 1 día adicional | K59: 1000000 | L59: 1190000 | M59: 1 día adicional | N59: 559000 | O59: =N59+(N59*19%) -> 665210 | P59: 1 día adicional | Q59: 450000 | R59: =Q59*19%+Q59 -> 535500 | S59: 1 día adicional | T59: 408375 | U59: =T59*1.19 -> 485966.25 | V59: 1 día adicional | W59: 1083000 | X59: =W59*1.19 -> 1288770 | Y59: 1 día adicional | Z59: 1021240 | AA59: =Z59+(Z59*19%) -> 1215275.6 | AB59: 1 día adicional | AC59: 657589 | AD59: =AC59*19%+AC59 -> 782530.91 | AE59: 1 día adicional | AF59: 886200 | AG59: =+AF59*1.19 -> 1054578 | AH59: 1 día adicional | AI59: 375000 | AJ59: =+AI59*19%+AI59 -> 446250 | AK59: 1 día adicional | AL59: 428158.5 | AM59: =+AL59+(AL59*19%) -> 509508.61 | AN59: 1 día adicional | AO59: 478720 | AP59: 569677 | AQ59: 1 día adicional | AR59: =MEDIAN(E59,H59,K59,N59,Q59,T59,W59,Z59,AC59,AF59,AI59,AL59,AO59) -> 559000 | AS59: =MEDIAN(F59,I59,L59,O59,R59,U59,X59,AA59,AD59,AG59,AJ59,AM59,AP59) -> 665210
B60: 1 Pantalla LCD 42" con base | D60: 1 día | E60: 810600 | F60: 964614 | G60: 1 día | H60: 315000 | I60: =(H60*19%)+H60 -> 374850 | J60: 1 día | K60: 1100000 | L60: 1309000 | M60: 1 día | N60: 507000 | O60: =N60+(N60*19%) -> 603330 | P60: 1 día | Q60: 350000 | R60: =Q60*19%+Q60 -> 416500 | S60: 1 día | T60: 490050 | U60: =T60*1.19 -> 583159.5 | V60: 1 día | W60: 1000000 | X60: =W60*1.19 -> 1190000 | Y60: 1 día | Z60: 934120 | AA60: =Z60+(Z60*19%) -> 1111602.8 | AB60: 1 día | AC60: 637400 | AD60: =AC60*19%+AC60 -> 758506 | AE60: 1 día | AF60: 810600 | AG60: =+AF60*1.19 -> 964614 | AH60: 1 día | AI60: 420000 | AJ60: =+AI60*19%+AI60 -> 499800 | AK60: 1 día | AL60: 363230 | AM60: =+AL60+(AL60*19%) -> 432243.7 | AN60: 1 día | AO60: 421583 | AP60: 501684 | AQ60: 1 día | AR60: =MEDIAN(E60,H60,K60,N60,Q60,T60,W60,Z60,AC60,AF60,AI60,AL60,AO60) -> 507000 | AS60: =MEDIAN(F60,I60,L60,O60,R60,U60,X60,AA60,AD60,AG60,AJ60,AM60,AP60) -> 603330
D61: 1 día adicional | E61: 756000 | F61: 899640 | G61: 1 día adicional | H61: 240000 | I61: =(H61*19%)+H61 -> 285600 | J61: 1 día adicional | K61: 650000 | L61: 773500 | M61: 1 día adicional | N61: 468000 | O61: =N61+(N61*19%) -> 556920 | P61: 1 día adicional | Q61: 300000 | R61: =Q61*19%+Q61 -> 357000 | S61: 1 día adicional | T61: 326700 | U61: =T61*1.19 -> 388773 | V61: 1 día adicional | W61: 1000000 | X61: =W61*1.19 -> 1190000 | Y61: 1 día adicional | Z61: 871200 | AA61: =Z61+(Z61*19%) -> 1036728 | AB61: 1 día adicional | AC61: 542000 | AD61: =AC61*19%+AC61 -> 644980 | AE61: 1 día adicional | AF61: 756000 | AG61: =+AF61*1.19 -> 899640 | AH61: 1 día adicional | AI61: 330000 | AJ61: =+AI61*19%+AI61 -> 392700 | AK61: 1 día adicional | AL61: 272422.5 | AM61: =+AL61+(AL61*19%) -> 324182.78 | AN61: 1 día adicional | AO61: 300253 | AP61: 357301 | AQ61: 1 día adicional | AR61: =MEDIAN(E61,H61,K61,N61,Q61,T61,W61,Z61,AC61,AF61,AI61,AL61,AO61) -> 468000 | AS61: =MEDIAN(F61,I61,L61,O61,R61,U61,X61,AA61,AD61,AG61,AJ61,AM61,AP61) -> 556920
B62: 1 Pantalla LCD 56" con base | D62: 1 día | E62: 886200 | F62: 1054578 | G62: 1 día | H62: 360000 | I62: =(H62*19%)+H62 -> 428400 | J62: 1 día | K62: 1800000 | L62: 2142000 | M62: 1 día | N62: 585000 | O62: =N62+(N62*19%) -> 696150 | P62: 1 día | Q62: 400000 | R62: =Q62*19%+Q62 -> 476000 | S62: 1 día | T62: 735075 | U62: =T62*1.19 -> 874739.25 | V62: 1 día | W62: 1083000 | X62: =W62*1.19 -> 1288770 | Y62: 1 día | Z62: 1021240 | AA62: =Z62+(Z62*19%) -> 1215275.6 | AB62: 1 día | AC62: 512000 | AD62: =AC62*19%+AC62 -> 609280 | AE62: 1 día | AF62: 886200 | AG62: =+AF62*1.19 -> 1054578 | AH62: 1 día | AI62: 480000 | AJ62: =+AI62*19%+AI62 -> 571200 | AK62: 1 día | AL62: 570878 | AM62: =+AL62+(AL62*19%) -> 679344.82 | AN62: 1 día | AO62: 648737 | AP62: 771997 | AQ62: 1 día | AR62: =MEDIAN(E62,H62,K62,N62,Q62,T62,W62,Z62,AC62,AF62,AI62,AL62,AO62) -> 648737 | AS62: =MEDIAN(F62,I62,L62,O62,R62,U62,X62,AA62,AD62,AG62,AJ62,AM62,AP62) -> 771997
D63: 1 día adicional | E63: 853700 | F63: 1015903 | G63: 1 día adicional | H63: 280000 | I63: =(H63*19%)+H63 -> 333200 | J63: 1 día adicional | K63: 1000000 | L63: 1190000 | M63: 1 día adicional | N63: 520000 | O63: =N63+(N63*19%) -> 618800 | P63: 1 día adicional | Q63: 250000 | R63: =Q63*19%+Q63 -> 297500 | S63: 1 día adicional | T63: 326700 | U63: =T63*1.19 -> 388773 | V63: 1 día adicional | W63: 1083000 | X63: =W63*1.19 -> 1288770 | Y63: 1 día adicional | Z63: 983730 | AA63: =Z63+(Z63*19%) -> 1170638.7 | AB63: 1 día adicional | AC63: 712000 | AD63: =AC63*19%+AC63 -> 847280 | AE63: 1 día adicional | AF63: 853700 | AG63: =+AF63*1.19 -> 1015903 | AH63: 1 día adicional | AI63: 375000 | AJ63: =+AI63*19%+AI63 -> 446250 | AK63: 1 día adicional | AL63: 428158.5 | AM63: =+AL63+(AL63*19%) -> 509508.61 | AN63: 1 día adicional | AO63: 452143 | AP63: 538051 | AQ63: 1 día adicional | AR63: =MEDIAN(E63,H63,K63,N63,Q63,T63,W63,Z63,AC63,AF63,AI63,AL63,AO63) -> 520000 | AS63: =MEDIAN(F63,I63,L63,O63,R63,U63,X63,AA63,AD63,AG63,AJ63,AM63,AP63) -> 618800
B64: 1 Pantalla LCD 70" con base | D64: 1 día | E64: 1026900 | F64: 1222011 | G64: 1 día | H64: 730000 | I64: =(H64*19%)+H64 -> 868700 | J64: 1 día | K64: 2000000 | L64: 2380000 | M64: 1 día | N64: 897000 | O64: =N64+(N64*19%) -> 1067430 | P64: 1 día | Q64: 1200000 | R64: =Q64*19%+Q64 -> 1428000 | S64: 1 día | T64: 1551825 | U64: =T64*1.19 -> 1846671.8 | V64: 1 día | W64: 1167000 | X64: =W64*1.19 -> 1388730 | Y64: 1 día | Z64: 1183380 | AA64: =Z64+(Z64*19%) -> 1408222.2 | AB64: 1 día | AC64: 620000 | AD64: =AC64*19%+AC64 -> 737800 | AE64: 1 día | AF64: 1026900 | AG64: =+AF64*1.19 -> 1222011 | AH64: 1 día | AI64: 1020000 | AJ64: =+AI64*19%+AI64 -> 1213800 | AK64: 1 día | AL64: 1222200 | AM64: =+AL64+(AL64*19%) -> 1454418 | AN64: 1 día | AO64: 720000 | AP64: 856800 | AQ64: 1 día | AR64: =MEDIAN(E64,H64,K64,N64,Q64,T64,W64,Z64,AC64,AF64,AI64,AL64,AO64) -> 1026900 | AS64: =MEDIAN(F64,I64,L64,O64,R64,U64,X64,AA64,AD64,AG64,AJ64,AM64,AP64) -> 1222011
D65: 1 día adicional | E65: 994400 | F65: 1183336 | G65: 1 día adicional | H65: 580000 | I65: =(H65*19%)+H65 -> 690200 | J65: 1 día adicional | K65: 1000000 | L65: 1190000 | M65: 1 día adicional | N65: 754000 | O65: =N65+(N65*19%) -> 897260 | P65: 1 día adicional | Q65: 900000 | R65: =Q65*19%+Q65 -> 1071000 | S65: 1 día adicional | T65: 898425 | U65: =T65*1.19 -> 1069125.8 | V65: 1 día adicional | W65: 1167000 | X65: =W65*1.19 -> 1388730 | Y65: 1 día adicional | Z65: 1145870 | AA65: =Z65+(Z65*19%) -> 1363585.3 | AB65: 1 día adicional | AC65: 894000 | AD65: =AC65*19%+AC65 -> 1063860 | AE65: 1 día adicional | AF65: 994400 | AG65: =+AF65*1.19 -> 1183336 | AH65: 1 día adicional | AI65: 780000 | AJ65: =+AI65*19%+AI65 -> 928200 | AK65: 1 día adicional | AL65: 916650 | AM65: =+AL65+(AL65*19%) -> 1090813.5 | AN65: 1 día adicional | AO65: 480000 | AP65: 571200 | AQ65: 1 día adicional | AR65: =MEDIAN(E65,H65,K65,N65,Q65,T65,W65,Z65,AC65,AF65,AI65,AL65,AO65) -> 900000 | AS65: =MEDIAN(F65,I65,L65,O65,R65,U65,X65,AA65,AD65,AG65,AJ65,AM65,AP65) -> 1071000
B66: 1 Pantalla Led pitch 4 de 4 x 3 mts | C66: Con Truss y punto fijo | D66: 1 día | E66: 4163300 | F66: 4954327 | G66: 1 día | H66: 7500000 | I66: =(H66*19%)+H66 -> 8925000 | J66: 1 día | K66: 9142000 | L66: 10878980 | M66: 1 día | N66: 5174000 | O66: =N66+(N66*19%) -> 6157060 | P66: 1 día | Q66: 3000000 | R66: =Q66*19%+Q66 -> 3570000 | S66: 1 día | T66: 8494200 | U66: =T66*1.19 -> 10108098 | V66: 1 día | W66: 10000000 | X66: =W66*1.19 -> 11900000 | Y66: 1 día | Z66: 4797650 | AA66: =Z66+(Z66*19%) -> 5709203.5 | AB66: 1 día | AC66: 5095000 | AD66: =AC66*19%+AC66 -> 6063050 | AE66: 1 día | AF66: 5204125 | AG66: =+AF66*1.19 -> 6192908.8 | AH66: 1 día | AI66: 11250000 | AJ66: =+AI66*19%+AI66 -> 13387500 | AK66: 1 día | AL66: 10136000 | AM66: =+AL66+(AL66*19%) -> 12061840 | AN66: 1 día | AO66: 6481020 | AP66: 7712414 | AQ66: 1 día | AR66: =MEDIAN(E66,H66,K66,N66,Q66,T66,W66,Z66,AC66,AF66,AI66,AL66,AO66) -> 6481020 | AS66: =MEDIAN(F66,I66,L66,O66,R66,U66,X66,AA66,AD66,AG66,AJ66,AM66,AP66) -> 7712414
D67: 1 día adicional | E67: 3947000 | F67: 4696930 | G67: 1 día adicional | H67: 5250000 | I67: =(H67*19%)+H67 -> 6247500 | J67: 1 día adicional | K67: 7450000 | L67: 8865500 | M67: 1 día adicional | N67: 4680000 | O67: =N67+(N67*19%) -> 5569200 | P67: 1 día adicional | Q67: 2000000 | R67: =Q67*19%+Q67 -> 2380000 | S67: 1 día adicional | T67: 5227200 | U67: =T67*1.19 -> 6220368 | V67: 1 día adicional | W67: 10000000 | X67: =W67*1.19 -> 11900000 | Y67: 1 día adicional | Z67: 4548390 | AA67: =Z67+(Z67*19%) -> 5412584.1 | AB67: 1 día adicional | AC67: 4270000 | AD67: =AC67*19%+AC67 -> 5081300 | AE67: 1 día adicional | AF67: 4854810 | AG67: =+AF67*1.19 -> 5777223.9 | AH67: 1 día adicional | AI67: 7875000 | AJ67: =+AI67*19%+AI67 -> 9371250 | AK67: 1 día adicional | AL67: 7602000 | AM67: =+AL67+(AL67*19%) -> 9046380 | AN67: 1 día adicional | AO67: 5312666 | AP67: 6322072 | AQ67: 1 día adicional | AR67: =MEDIAN(E67,H67,K67,N67,Q67,T67,W67,Z67,AC67,AF67,AI67,AL67,AO67) -> 5227200 | AS67: =MEDIAN(F67,I67,L67,O67,R67,U67,X67,AA67,AD67,AG67,AJ67,AM67,AP67) -> 6220368
B68: 1 Pantalla Led pitch 4 de 3 x 6 mts | C68: Con Truss y punto fijo | D68: 1 día | E68: 4595900 | F68: 5469121 | G68: 1 día | H68: 10980000 | I68: =(H68*19%)+H68 -> 13066200 | J68: 1 día | K68: 7860000 | L68: 9353400 | M68: 1 día | N68: 7774000 | O68: =N68+(N68*19%) -> 9251060 | P68: 1 día | Q68: 5000000 | R68: =Q68*19%+Q68 -> 5950000 | S68: 1 día | T68: 12251250 | U68: =T68*1.19 -> 14578988 | V68: 1 día | W68: 15000000 | X68: =W68*1.19 -> 17850000 | Y68: 1 día | Z68: 5296170 | AA68: =Z68+(Z68*19%) -> 6302442.3 | AB68: 1 día | AC68: 11200000 | AD68: =AC68*19%+AC68 -> 13328000 | AE68: 1 día | AF68: 5744875 | AG68: =+AF68*1.19 -> 6836401.2 | AH68: 1 día | AI68: 17550000 | AJ68: =+AI68*19%+AI68 -> 20884500 | AK68: 1 día | AL68: 13484800 | AM68: =+AL68+(AL68*19%) -> 16046912 | AN68: 1 día | AO68: 9445445 | AP68: 11240079 | AQ68: 1 día | AR68: =MEDIAN(E68,H68,K68,N68,Q68,T68,W68,Z68,AC68,AF68,AI68,AL68,AO68) -> 9445445 | AS68: =MEDIAN(F68,I68,L68,O68,R68,U68,X68,AA68,AD68,AG68,AJ68,AM68,AP68) -> 11240079
D69: 1 día adicional | E69: 4379600 | F69: 5211724 | G69: 1 día adicional | H69: 6850000 | I69: =(H69*19%)+H69 -> 8151500 | J69: 1 día adicional | K69: 3200000 | L69: 3808000 | M69: 1 día adicional | N69: 7280000 | O69: =N69+(N69*19%) -> 8663200 | P69: 1 día adicional | Q69: 4000000 | R69: =Q69*19%+Q69 -> 4760000 | S69: 1 día adicional | T69: 7350750 | U69: =T69*1.19 -> 8747392.5 | V69: 1 día adicional | W69: 15000000 | X69: =W69*1.19 -> 17850000 | Y69: 1 día adicional | Z69: 5046910 | AA69: =Z69+(Z69*19%) -> 6005822.9 | AB69: 1 día adicional | AC69: 10800000 | AD69: =AC69*19%+AC69 -> 12852000 | AE69: 1 día adicional | AF69: 5386908 | AG69: =+AF69*1.19 -> 6410420.5 | AH69: 1 día adicional | AI69: 12285000 | AJ69: =+AI69*19%+AI69 -> 14619150 | AK69: 1 día adicional | AL69: 10113600 | AM69: =+AL69+(AL69*19%) -> 12035184 | AN69: 1 día adicional | AO69: 7933739 | AP69: 9441149 | AQ69: 1 día adicional | AR69: =MEDIAN(E69,H69,K69,N69,Q69,T69,W69,Z69,AC69,AF69,AI69,AL69,AO69) -> 7280000 | AS69: =MEDIAN(F69,I69,L69,O69,R69,U69,X69,AA69,AD69,AG69,AJ69,AM69,AP69) -> 8663200
B70: 1 Pantalla Led pitch 4 de 3 x 2 mts | C70: Con Truss y punto fijo | D70: 1 día | E70: 3838800 | F70: 4568172 | G70: 1 día | H70: 4400000 | I70: =(H70*19%)+H70 -> 5236000 | J70: 1 día | K70: 7200000 | L70: 8568000 | M70: 1 día | N70: 2990000 | O70: =N70+(N70*19%) -> 3558100 | P70: 1 día | Q70: 2500000 | R70: =Q70*19%+Q70 -> 2975000 | S70: 1 día | T70: 4737150 | U70: =T70*1.19 -> 5637208.5 | V70: 1 día | W70: 5000000 | X70: =W70*1.19 -> 5950000 | Y70: 1 día | Z70: 4423760 | AA70: =Z70+(Z70*19%) -> 5264274.4 | AB70: 1 día | AC70: 4125000 | AD70: =AC70*19%+AC70 -> 4908750 | AE70: 1 día | AF70: 4798500 | AG70: =+AF70*1.19 -> 5710215 | AH70: 1 día | AI70: 5850000 | AJ70: =+AI70*19%+AI70 -> 6961500 | AK70: 1 día | AL70: 7382200 | AM70: =+AL70+(AL70*19%) -> 8784818 | AN70: 1 día | AO70: 3678117 | AP70: 4376959 | AQ70: 1 día | AR70: =MEDIAN(E70,H70,K70,N70,Q70,T70,W70,Z70,AC70,AF70,AI70,AL70,AO70) -> 4423760 | AS70: =MEDIAN(F70,I70,L70,O70,R70,U70,X70,AA70,AD70,AG70,AJ70,AM70,AP70) -> 5264274.4
D71: 1 día adicional | E71: 3459800 | F71: 4117162 | G71: 1 día adicional | H71: 3100000 | I71: =(H71*19%)+H71 -> 3689000 | J71: 1 día adicional | K71: 2900000 | L71: 3451000 | M71: 1 día adicional | N71: 2600000 | O71: =N71+(N71*19%) -> 3094000 | P71: 1 día adicional | Q71: 2000000 | R71: =Q71*19%+Q71 -> 2380000 | S71: 1 día adicional | T71: 2940300 | U71: =T71*1.19 -> 3498957 | V71: 1 día adicional | W71: 5000000 | X71: =W71*1.19 -> 5950000 | Y71: 1 día adicional | Z71: 3986950 | AA71: =Z71+(Z71*19%) -> 4744470.5 | AB71: 1 día adicional | AC71: 3896000 | AD71: =AC71*19%+AC71 -> 4636240 | AE71: 1 día adicional | AF71: 4255554 | AG71: =+AF71*1.19 -> 5064109.3 | AH71: 1 día adicional | AI71: 4095000 | AJ71: =+AI71*19%+AI71 -> 4873050 | AK71: 1 día adicional | AL71: 5536650 | AM71: =+AL71+(AL71*19%) -> 6588613.5 | AN71: 1 día adicional | AO71: 3089608 | AP71: 3676633 | AQ71: 1 día adicional | AR71: =MEDIAN(E71,H71,K71,N71,Q71,T71,W71,Z71,AC71,AF71,AI71,AL71,AO71) -> 3459800 | AS71: =MEDIAN(F71,I71,L71,O71,R71,U71,X71,AA71,AD71,AG71,AJ71,AM71,AP71) -> 4117162
B72: 1 Video beam 3000 lm | C72: Que cuente con entradas HDMI y VGA | D72: 1 día | E72: 829500 | F72: 987105 | G72: 1 día | H72: 280000 | I72: =(H72*19%)+H72 -> 333200 | J72: 1 día | K72: 380000 | L72: 452200 | M72: 1 día | N72: 715000 | O72: =N72+(N72*19%) -> 850850 | P72: 1 día | Q72: 500000 | R72: =Q72*19%+Q72 -> 595000 | S72: 1 día | T72: 529375 | U72: =T72*1.19 -> 629956.25 | V72: 1 día | W72: 1167000 | X72: =W72*1.19 -> 1388730 | Y72: 1 día | Z72: 955900 | AA72: =Z72+(Z72*19%) -> 1137521 | AB72: 1 día | AC72: 1746000 | AD72: =AC72*19%+AC72 -> 2077740 | AE72: 1 día | AF72: 987105 | AG72: =+AF72*1.19 -> 1174654.9 | AH72: 1 día | AI72: 375000 | AJ72: =+AI72*19%+AI72 -> 446250 | AK72: 1 día | AL72: 410200 | AM72: =+AL72+(AL72*19%) -> 488138 | AN72: 1 día | AO72: 563353 | AP72: 670390 | AQ72: 1 día | AR72: =MEDIAN(E72,H72,K72,N72,Q72,T72,W72,Z72,AC72,AF72,AI72,AL72,AO72) -> 563353 | AS72: =MEDIAN(F72,I72,L72,O72,R72,U72,X72,AA72,AD72,AG72,AJ72,AM72,AP72) -> 670390
D73: 1 día adicional | E73: 724500 | F73: 862155 | G73: 1 día adicional | H73: 202000 | I73: =(H73*19%)+H73 -> 240380 | J73: 1 día adicional | K73: 180000 | L73: 214200 | M73: 1 día adicional | N73: 585000 | O73: =N73+(N73*19%) -> 696150 | P73: 1 día adicional | Q73: 400000 | R73: =Q73*19%+Q73 -> 476000 | S73: 1 día adicional | T73: 257125 | U73: =T73*1.19 -> 305978.75 | V73: 1 día adicional | W73: 1167000 | X73: =W73*1.19 -> 1388730 | Y73: 1 día adicional | Z73: 834900 | AA73: =Z73+(Z73*19%) -> 993531 | AB73: 1 día adicional | AC73: 1455000 | AD73: =AC73*19%+AC73 -> 1731450 | AE73: 1 día adicional | AF73: 905625 | AG73: =+AF73*1.19 -> 1077693.8 | AH73: 1 día adicional | AI73: 270000 | AJ73: =+AI73*19%+AI73 -> 321300 | AK73: 1 día adicional | AL73: 307650 | AM73: =+AL73+(AL73*19%) -> 366103.5 | AN73: 1 día adicional | AO73: 449149 | AP73: 534487 | AQ73: 1 día adicional | AR73: =MEDIAN(E73,H73,K73,N73,Q73,T73,W73,Z73,AC73,AF73,AI73,AL73,AO73) -> 449149 | AS73: =MEDIAN(F73,I73,L73,O73,R73,U73,X73,AA73,AD73,AG73,AJ73,AM73,AP73) -> 534487
B74: 1 Video beam 4000 lm | C74: Que cuente con entradas HDMI y VGA | D74: 1 día | E74: 934500 | F74: 1112055 | G74: 1 día | H74: 392000 | I74: =(H74*19%)+H74 -> 466480 | J74: 1 día | K74: 500000 | L74: 595000 | M74: 1 día | N74: 1014000 | O74: =N74+(N74*19%) -> 1206660 | P74: 1 día | Q74: 800000 | R74: =Q74*19%+Q74 -> 952000 | S74: 1 día | T74: 529375 | U74: =T74*1.19 -> 629956.25 | V74: 1 día | W74: 1333000 | X74: =W74*1.19 -> 1586270 | Y74: 1 día | Z74: 1076900 | AA74: =Z74+(Z74*19%) -> 1281511 | AB74: 1 día | AC74: 2215500 | AD74: =AC74*19%+AC74 -> 2636445 | AE74: 1 día | AF74: 1121400 | AG74: =+AF74*1.19 -> 1334466 | AH74: 1 día | AI74: 525000 | AJ74: =+AI74*19%+AI74 -> 624750 | AK74: 1 día | AL74: 525000 | AM74: =+AL74+(AL74*19%) -> 624750 | AN74: 1 día | AO74: 695724 | AP74: 827911 | AQ74: 1 día | AR74: =MEDIAN(E74,H74,K74,N74,Q74,T74,W74,Z74,AC74,AF74,AI74,AL74,AO74) -> 800000 | AS74: =MEDIAN(F74,I74,L74,O74,R74,U74,X74,AA74,AD74,AG74,AJ74,AM74,AP74) -> 952000
D75: 1 día adicional | E75: 840000 | F75: 999600 | G75: 1 día adicional | H75: 285000 | I75: =(H75*19%)+H75 -> 339150 | J75: 1 día adicional | K75: 300000 | L75: 357000 | M75: 1 día adicional | N75: 897000 | O75: =N75+(N75*19%) -> 1067430 | P75: 1 día adicional | Q75: 600000 | R75: =Q75*19%+Q75 -> 714000 | S75: 1 día adicional | T75: 257125 | U75: =T75*1.19 -> 305978.75 | V75: 1 día adicional | W75: 1333000 | X75: =W75*1.19 -> 1586270 | Y75: 1 día adicional | Z75: 968000 | AA75: =Z75+(Z75*19%) -> 1151920 | AB75: 1 día adicional | AC75: 1846250 | AD75: =AC75*19%+AC75 -> 2197037.5 | AE75: 1 día adicional | AF75: 1050000 | AG75: =+AF75*1.19 -> 1249500 | AH75: 1 día adicional | AI75: 378000 | AJ75: =+AI75*19%+AI75 -> 449820 | AK75: 1 día adicional | AL75: 393750 | AM75: =+AL75+(AL75*19%) -> 468562.5 | AN75: 1 día adicional | AO75: 594924 | AP75: 707960 | AQ75: 1 día adicional | AR75: =MEDIAN(E75,H75,K75,N75,Q75,T75,W75,Z75,AC75,AF75,AI75,AL75,AO75) -> 600000 | AS75: =MEDIAN(F75,I75,L75,O75,R75,U75,X75,AA75,AD75,AG75,AJ75,AM75,AP75) -> 714000
B76: 1 Video beam 5000 Lm | C76: Que cuente con entradas HDMI y VGA | D76: 1 día | E76: 1144500 | F76: 1361955 | G76: 1 día | H76: 550000 | I76: =(H76*19%)+H76 -> 654500 | J76: 1 día | K76: 700000 | L76: 833000 | M76: 1 día | N76: 1157000 | O76: =N76+(N76*19%) -> 1376830 | P76: 1 día | Q76: 1200000 | R76: =Q76*19%+Q76 -> 1428000 | S76: 1 día | T76: 756250 | U76: =T76*1.19 -> 899937.5 | V76: 1 día | W76: 1500000 | X76: =W76*1.19 -> 1785000 | Y76: 1 día | Z76: 1318900 | AA76: =Z76+(Z76*19%) -> 1569491 | AB76: 1 día | AC76: 3025000 | AD76: =AC76*19%+AC76 -> 3599750 | AE76: 1 día | AF76: 1327620 | AG76: =+AF76*1.19 -> 1579867.8 | AH76: 1 día | AI76: 735000 | AJ76: =+AI76*19%+AI76 -> 874650 | AK76: 1 día | AL76: 896000 | AM76: =+AL76+(AL76*19%) -> 1066240 | AN76: 1 día | AO76: 947081 | AP76: 1127026 | AQ76: 1 día | AR76: =MEDIAN(E76,H76,K76,N76,Q76,T76,W76,Z76,AC76,AF76,AI76,AL76,AO76) -> 1144500 | AS76: =MEDIAN(F76,I76,L76,O76,R76,U76,X76,AA76,AD76,AG76,AJ76,AM76,AP76) -> 1361955
D77: 1 día adicional | E77: 1050000 | F77: 1249500 | G77: 1 día adicional | H77: 395000 | I77: =(H77*19%)+H77 -> 470050 | J77: 1 día adicional | K77: 500000 | L77: 595000 | M77: 1 día adicional | N77: 975000 | O77: =N77+(N77*19%) -> 1160250 | P77: 1 día adicional | Q77: 1000000 | R77: =Q77*19%+Q77 -> 1190000 | S77: 1 día adicional | T77: 453750 | U77: =T77*1.19 -> 539962.5 | V77: 1 día adicional | W77: 1500000 | X77: =W77*1.19 -> 1785000 | Y77: 1 día adicional | Z77: 1210000 | AA77: =Z77+(Z77*19%) -> 1439900 | AB77: 1 día adicional | AC77: 2520833 | AD77: =AC77*19%+AC77 -> 2999791.3 | AE77: 1 día adicional | AF77: 1228500 | AG77: =+AF77*1.19 -> 1461915 | AH77: 1 día adicional | AI77: 529200 | AJ77: =+AI77*19%+AI77 -> 629748 | AK77: 1 día adicional | AL77: 672000 | AM77: =+AL77+(AL77*19%) -> 799680 | AN77: 1 día adicional | AO77: 796547 | AP77: 947891 | AQ77: 1 día adicional | AR77: =MEDIAN(E77,H77,K77,N77,Q77,T77,W77,Z77,AC77,AF77,AI77,AL77,AO77) -> 975000 | AS77: =MEDIAN(F77,I77,L77,O77,R77,U77,X77,AA77,AD77,AG77,AJ77,AM77,AP77) -> 1160250
B78: 1 Video beam 6000 lm | C78: Que cuente con entradas HDMI y VGA | D78: 1 día | E78: 1249500 | F78: 1486905 | G78: 1 día | H78: 616000 | I78: =(H78*19%)+H78 -> 733040 | J78: 1 día | K78: 900000 | L78: 1071000 | M78: 1 día | N78: 1274000 | O78: =N78+(N78*19%) -> 1516060 | P78: 1 día | Q78: 1500000 | R78: =Q78*19%+Q78 -> 1785000 | S78: 1 día | T78: 1210000 | U78: =T78*1.19 -> 1439900 | V78: 1 día | W78: 1667000 | X78: =W78*1.19 -> 1983730 | Y78: 1 día | Z78: 1439900 | AA78: =Z78+(Z78*19%) -> 1713481 | AB78: 1 día | AC78: 3450000 | AD78: =AC78*19%+AC78 -> 4105500 | AE78: 1 día | AF78: 1486905 | AG78: =+AF78*1.19 -> 1769416.9 | AH78: 1 día | AI78: 1029000 | AJ78: =+AI78*19%+AI78 -> 1224510 | AK78: 1 día | AL78: 1292200 | AM78: =+AL78+(AL78*19%) -> 1537718 | AN78: 1 día | AO78: 1249254 | AP78: 1486613 | AQ78: 1 día | AR78: =MEDIAN(E78,H78,K78,N78,Q78,T78,W78,Z78,AC78,AF78,AI78,AL78,AO78) -> 1274000 | AS78: =MEDIAN(F78,I78,L78,O78,R78,U78,X78,AA78,AD78,AG78,AJ78,AM78,AP78) -> 1516060
D79: 1 día adicional | E79: 1155000 | F79: 1374450 | G79: 1 día adicional | H79: 555000 | I79: =(H79*19%)+H79 -> 660450 | J79: 1 día adicional | K79: 700000 | L79: 833000 | M79: 1 día adicional | N79: 1066000 | O79: =N79+(N79*19%) -> 1268540 | P79: 1 día adicional | Q79: 12000000 | R79: =Q79*19%+Q79 -> 14280000 | S79: 1 día adicional | T79: 756250 | U79: =T79*1.19 -> 899937.5 | V79: 1 día adicional | W79: 1667000 | X79: =W79*1.19 -> 1983730 | Y79: 1 día adicional | Z79: 1331000 | AA79: =Z79+(Z79*19%) -> 1583890 | AB79: 1 día adicional | AC79: 2875000 | AD79: =AC79*19%+AC79 -> 3421250 | AE79: 1 día adicional | AF79: 1374450 | AG79: =+AF79*1.19 -> 1635595.5 | AH79: 1 día adicional | AI79: 740880 | AJ79: =+AI79*19%+AI79 -> 881647.2 | AK79: 1 día adicional | AL79: 969150 | AM79: =+AL79+(AL79*19%) -> 1153288.5 | AN79: 1 día adicional | AO79: 1089337 | AP79: 1296311 | AQ79: 1 día adicional | AR79: =MEDIAN(E79,H79,K79,N79,Q79,T79,W79,Z79,AC79,AF79,AI79,AL79,AO79) -> 1089337 | AS79: =MEDIAN(F79,I79,L79,O79,R79,U79,X79,AA79,AD79,AG79,AJ79,AM79,AP79) -> 1296311
A80: TABLET | B80: Android de 6.0 Tamaño 10" | C80: Con cargador, con SIM CARD y modem con internet con carga para 8 días. Incluye transporte entrega y retiro | D80: 1 | E80: 311900 | F80: 371161 | G80: 1 | H80: 168000 | I80: =(H80*19%)+H80 -> 199920 | J80: 1 | K80: 350000 | L80: 416500 | M80: 1 | N80: 364000 | O80: =N80+(N80*19%) -> 433160 | P80: 1 | Q80: 800000 | R80: =Q80*19%+Q80 -> 952000 | S80: 1 | T80: 288750 | U80: =T80*1.19 -> 343612.5 | V80: 1 | W80: 1167000 | X80: =W80*1.19 -> 1388730 | Y80: 1 | Z80: 359370 | AA80: =Z80+(Z80*19%) -> 427650.3 | AB80: 1 | AC80: 890000 | AD80: =AC80*19%+AC80 -> 1059100 | AE80: 1 | AF80: 311900 | AG80: =+AF80*1.19 -> 371161 | AH80: 1 | AI80: 225000 | AJ80: =+AI80*19%+AI80 -> 267750 | AK80: 1 | AL80: 343000 | AM80: =+AL80+(AL80*19%) -> 408170 | AN80: 1 | AO80: 260000 | AP80: 309400 | AQ80: 1 | AR80: =MEDIAN(E80,H80,K80,N80,Q80,T80,W80,Z80,AC80,AF80,AI80,AL80,AO80) -> 343000 | AS80: =MEDIAN(F80,I80,L80,O80,R80,U80,X80,AA80,AD80,AG80,AJ80,AM80,AP80) -> 408170
A81: SOFTWARE Y HARDWARE | B81: 1 Computador Portátil | C81: Con paquete de Office instalado, Windows 10, Batería y cargador | D81: 1 día | E81: 262500 | F81: 312375 | G81: 1 día | H81: 250000 | I81: =(H81*19%)+H81 -> 297500 | J81: 1 día | K81: 850000 | L81: 1011500 | M81: 1 día | N81: 416000 | O81: =N81+(N81*19%) -> 495040 | P81: 1 día | Q81: 350000 | R81: =Q81*19%+Q81 -> 416500 | S81: 1 día | T81: 211750 | U81: =T81*1.19 -> 251982.5 | V81: 1 día | W81: 417000 | X81: =W81*1.19 -> 496230 | Y81: 1 día | Z81: 302500 | AA81: =Z81+(Z81*19%) -> 359975 | AB81: 1 día | AC81: 270000 | AD81: =AC81*19%+AC81 -> 321300 | AE81: 1 día | AF81: 315000 | AG81: =+AF81*1.19 -> 374850 | AH81: 1 día | AI81: 330000 | AJ81: =+AI81*19%+AI81 -> 392700 | AK81: 1 día | AL81: 336000 | AM81: =+AL81+(AL81*19%) -> 399840 | AN81: 1 día | AO81: 215433 | AP81: 256365 | AQ81: 1 día | AR81: =MEDIAN(E81,H81,K81,N81,Q81,T81,W81,Z81,AC81,AF81,AI81,AL81,AO81) -> 315000 | AS81: =MEDIAN(F81,I81,L81,O81,R81,U81,X81,AA81,AD81,AG81,AJ81,AM81,AP81) -> 374850
D82: 1 día adicional | E82: 252000 | F82: 299880 | G82: 1 día adicional | H82: 168000 | I82: =(H82*19%)+H82 -> 199920 | J82: 1 día adicional | K82: 550000 | L82: 654500 | M82: 1 día adicional | N82: 338000 | O82: =N82+(N82*19%) -> 402220 | P82: 1 día adicional | Q82: 200000 | R82: =Q82*19%+Q82 -> 238000 | S82: 1 día adicional | T82: 75625 | U82: =T82*1.19 -> 89993.75 | V82: 1 día adicional | W82: 417000 | X82: =W82*1.19 -> 496230 | Y82: 1 día adicional | Z82: 290400 | AA82: =Z82+(Z82*19%) -> 345576 | AB82: 1 día adicional | AC82: 235000 | AD82: =AC82*19%+AC82 -> 279650 | AE82: 1 día adicional | AF82: 302400 | AG82: =+AF82*1.19 -> 359856 | AH82: 1 día adicional | AI82: 225000 | AJ82: =+AI82*19%+AI82 -> 267750 | AK82: 1 día adicional | AL82: 252000 | AM82: =+AL82+(AL82*19%) -> 299880 | AN82: 1 día adicional | AO82: 183144 | AP82: 217941 | AQ82: 1 día adicional | AR82: =MEDIAN(E82,H82,K82,N82,Q82,T82,W82,Z82,AC82,AF82,AI82,AL82,AO82) -> 252000 | AS82: =MEDIAN(F82,I82,L82,O82,R82,U82,X82,AA82,AD82,AG82,AJ82,AM82,AP82) -> 299880
B83: 1 Impresora láser negro | C83: Con capacidad para 500 copias o impresiones | D83: 1 día | E83: 682500 | F83: 812175 | G83: 1 día | H83: 380000 | I83: =(H83*19%)+H83 -> 452200 | J83: 1 día | K83: 380000 | L83: 452200 | M83: 1 día | N83: 377000 | O83: =N83+(N83*19%) -> 448630 | P83: 1 día | Q83: 350000 | R83: =Q83*19%+Q83 -> 416500 | S83: 1 día | T83: 211750 | U83: =T83*1.19 -> 251982.5 | V83: 1 día | W83: 1167000 | X83: =W83*1.19 -> 1388730 | Y83: 1 día | Z83: 786500 | AA83: =Z83+(Z83*19%) -> 935935 | AB83: 1 día | AC83: 540000 | AD83: =AC83*19%+AC83 -> 642600 | AE83: 1 día | AF83: 682500 | AG83: =+AF83*1.19 -> 812175 | AH83: 1 día | AI83: 510000 | AJ83: =+AI83*19%+AI83 -> 606900 | AK83: 1 día | AL83: 329000 | AM83: =+AL83+(AL83*19%) -> 391510 | AN83: 1 día | AO83: 447414 | AP83: 532422 | AQ83: 1 día | AR83: =MEDIAN(E83,H83,K83,N83,Q83,T83,W83,Z83,AC83,AF83,AI83,AL83,AO83) -> 447414 | AS83: =MEDIAN(F83,I83,L83,O83,R83,U83,X83,AA83,AD83,AG83,AJ83,AM83,AP83) -> 532422
D84: 1 día adicional | E84: 630000 | F84: 749700 | G84: 1 día adicional | H84: 315000 | I84: =(H84*19%)+H84 -> 374850 | J84: 1 día adicional | K84: 280000 | L84: 333200 | M84: 1 día adicional | N84: 325000 | O84: =N84+(N84*19%) -> 386750 | P84: 1 día adicional | Q84: 300000 | R84: =Q84*19%+Q84 -> 357000 | S84: 1 día adicional | T84: 105875 | U84: =T84*1.19 -> 125991.25 | V84: 1 día adicional | W84: 1167000 | X84: =W84*1.19 -> 1388730 | Y84: 1 día adicional | Z84: 726000 | AA84: =Z84+(Z84*19%) -> 863940 | AB84: 1 día adicional | AC84: 470000 | AD84: =AC84*19%+AC84 -> 559300 | AE84: 1 día adicional | AF84: 630000 | AG84: =+AF84*1.19 -> 749700 | AH84: 1 día adicional | AI84: 420000 | AJ84: =+AI84*19%+AI84 -> 499800 | AK84: 1 día adicional | AL84: 246750 | AM84: =+AL84+(AL84*19%) -> 293632.5 | AN84: 1 día adicional | AO84: 371886 | AP84: 442545 | AQ84: 1 día adicional | AR84: =MEDIAN(E84,H84,K84,N84,Q84,T84,W84,Z84,AC84,AF84,AI84,AL84,AO84) -> 371886 | AS84: =MEDIAN(F84,I84,L84,O84,R84,U84,X84,AA84,AD84,AG84,AJ84,AM84,AP84) -> 442545
B85: 1 Impresora láser color | C85: Con capacidad para 500 copias o impresiones | D85: 1 día | E85: 735000 | F85: 874650 | G85: 1 día | H85: 460000 | I85: =(H85*19%)+H85 -> 547400 | J85: 1 día | K85: 480000 | L85: 571200 | M85: 1 día | N85: 507000 | O85: =N85+(N85*19%) -> 603330 | P85: 1 día | Q85: 400000 | R85: =Q85*19%+Q85 -> 476000 | S85: 1 día | T85: 423500 | U85: =T85*1.19 -> 503965 | V85: 1 día | W85: 1500000 | X85: =W85*1.19 -> 1785000 | Y85: 1 día | Z85: 847000 | AA85: =Z85+(Z85*19%) -> 1007930 | AB85: 1 día | AC85: 598000 | AD85: =AC85*19%+AC85 -> 711620 | AE85: 1 día | AF85: 735000 | AG85: =+AF85*1.19 -> 874650 | AH85: 1 día | AI85: 615000 | AJ85: =+AI85*19%+AI85 -> 731850 | AK85: 1 día | AL85: 588000 | AM85: =+AL85+(AL85*19%) -> 699720 | AN85: 1 día | AO85: 535328 | AP85: 637040 | AQ85: 1 día | AR85: =MEDIAN(E85,H85,K85,N85,Q85,T85,W85,Z85,AC85,AF85,AI85,AL85,AO85) -> 588000 | AS85: =MEDIAN(F85,I85,L85,O85,R85,U85,X85,AA85,AD85,AG85,AJ85,AM85,AP85) -> 699720
D86: 1 día adicional | E86: 682500 | F86: 812175 | G86: 1 día adicional | H86: 390000 | I86: =(H86*19%)+H86 -> 464100 | J86: 1 día adicional | K86: 380000 | L86: 452200 | M86: 1 día adicional | N86: 416000 | O86: =N86+(N86*19%) -> 495040 | P86: 1 día adicional | Q86: 300000 | R86: =Q86*19%+Q86 -> 357000 | S86: 1 día adicional | T86: 257125 | U86: =T86*1.19 -> 305978.75 | V86: 1 día adicional | W86: 1500000 | X86: =W86*1.19 -> 1785000 | Y86: 1 día adicional | Z86: 786500 | AA86: =Z86+(Z86*19%) -> 935935 | AB86: 1 día adicional | AC86: 476600 | AD86: =AC86*19%+AC86 -> 567154 | AE86: 1 día adicional | AF86: 682500 | AG86: =+AF86*1.19 -> 812175 | AH86: 1 día adicional | AI86: 525000 | AJ86: =+AI86*19%+AI86 -> 624750 | AK86: 1 día adicional | AL86: 441000 | AM86: =+AL86+(AL86*19%) -> 524790 | AN86: 1 día adicional | AO86: 479474 | AP86: 570574 | AQ86: 1 día adicional | AR86: =MEDIAN(E86,H86,K86,N86,Q86,T86,W86,Z86,AC86,AF86,AI86,AL86,AO86) -> 476600 | AS86: =MEDIAN(F86,I86,L86,O86,R86,U86,X86,AA86,AD86,AG86,AJ86,AM86,AP86) -> 567154
A87: TV Y TRANSMISIÓN | B87: 1 Circuito cerrado de T.V. | C87: A 1 cámara sin grabación, técnico de cámara | D87: 1 día | E87: 2367800 | F87: 2817682 | G87: 1 día | H87: 1180000 | I87: =(H87*19%)+H87 -> 1404200 | J87: 1 día | K87: 4000000 | L87: 4760000 | M87: 1 día | N87: 2340000 | O87: =N87+(N87*19%) -> 2784600 | P87: 1 día | Q87: 450000 | R87: =Q87*19%+Q87 -> 535500 | S87: 1 día | T87: 2719475 | U87: =T87*1.19 -> 3236175.3 | V87: 1 día | W87: 3333000 | X87: =W87*1.19 -> 3966270 | Y87: 1 día | Z87: 2728550 | AA87: =Z87+(Z87*19%) -> 3246974.5 | AB87: 1 día | AC87: 2520000 | AD87: =AC87*19%+AC87 -> 2998800 | AE87: 1 día | AF87: 2604580 | AG87: =+AF87*1.19 -> 3099450.2 | AH87: 1 día | AI87: 1575000 | AJ87: =+AI87*19%+AI87 -> 1874250 | AK87: 1 día | AL87: 1743000 | AM87: =+AL87+(AL87*19%) -> 2074170 | AN87: 1 día | AO87: 2454417 | AP87: 2920756 | AQ87: 1 día | AR87: =MEDIAN(E87,H87,K87,N87,Q87,T87,W87,Z87,AC87,AF87,AI87,AL87,AO87) -> 2454417 | AS87: =MEDIAN(F87,I87,L87,O87,R87,U87,X87,AA87,AD87,AG87,AJ87,AM87,AP87) -> 2920756
D88: 1 día adicional | E88: 2259600 | F88: 2688924 | G88: 1 día adicional | H88: 784000 | I88: =(H88*19%)+H88 -> 932960 | J88: 1 día adicional | K88: 3000000 | L88: 3570000 | M88: 1 día adicional | N88: 2080000 | O88: =N88+(N88*19%) -> 2475200 | P88: 1 día adicional | Q88: 400000 | R88: =Q88*19%+Q88 -> 476000 | S88: 1 día adicional | T88: 1579050 | U88: =T88*1.19 -> 1879069.5 | V88: 1 día adicional | W88: 3333000 | X88: =W88*1.19 -> 3966270 | Y88: 1 día adicional | Z88: 2603920 | AA88: =Z88+(Z88*19%) -> 3098664.8 | AB88: 1 día adicional | AC88: 2100000 | AD88: =AC88*19%+AC88 -> 2499000 | AE88: 1 día adicional | AF88: 2553348 | AG88: =+AF88*1.19 -> 3038484.1 | AH88: 1 día adicional | AI88: 1102500 | AJ88: =+AI88*19%+AI88 -> 1311975 | AK88: 1 día adicional | AL88: 1307250 | AM88: =+AL88+(AL88*19%) -> 1555627.5 | AN88: 1 día adicional | AO88: 2279324 | AP88: 2712396 | AQ88: 1 día adicional | AR88: =MEDIAN(E88,H88,K88,N88,Q88,T88,W88,Z88,AC88,AF88,AI88,AL88,AO88) -> 2100000 | AS88: =MEDIAN(F88,I88,L88,O88,R88,U88,X88,AA88,AD88,AG88,AJ88,AM88,AP88) -> 2499000
B89: 1 Circuito cerrado de T.V. | C89: A 2 cámaras sin grabación, técnico de cámara | D89: 1 día | E89: 3124800 | F89: 3718512 | G89: 1 día | H89: 1800000 | I89: =(H89*19%)+H89 -> 2142000 | J89: 1 día | K89: 4800000 | L89: 5712000 | M89: 1 día | N89: 3380000 | O89: =N89+(N89*19%) -> 4022200 | P89: 1 día | Q89: 900000 | R89: =Q89*19%+Q89 -> 1071000 | S89: 1 día | T89: 3421275 | U89: =T89*1.19 -> 4071317.3 | V89: 1 día | W89: 5833000 | X89: =W89*1.19 -> 6941270 | Y89: 1 día | Z89: 3600960 | AA89: =Z89+(Z89*19%) -> 4285142.4 | AB89: 1 día | AC89: 3180000 | AD89: =AC89*19%+AC89 -> 3784200 | AE89: 1 día | AF89: 3906000 | AG89: =+AF89*1.19 -> 4648140 | AH89: 1 día | AI89: 2700000 | AJ89: =+AI89*19%+AI89 -> 3213000 | AK89: 1 día | AL89: 3038000 | AM89: =+AL89+(AL89*19%) -> 3615220 | AN89: 1 día | AO89: 3256326 | AP89: 3875028 | AQ89: 1 día | AR89: =MEDIAN(E89,H89,K89,N89,Q89,T89,W89,Z89,AC89,AF89,AI89,AL89,AO89) -> 3256326 | AS89: =MEDIAN(F89,I89,L89,O89,R89,U89,X89,AA89,AD89,AG89,AJ89,AM89,AP89) -> 3875028
D90: 1 día adicional | E90: 2810900 | F90: 3344971 | G90: 1 día adicional | H90: 1250000 | I90: =(H90*19%)+H90 -> 1487500 | J90: 1 día adicional | K90: 3200000 | L90: 3808000 | M90: 1 día adicional | N90: 3120000 | O90: =N90+(N90*19%) -> 3712800 | P90: 1 día adicional | Q90: 800000 | R90: =Q90*19%+Q90 -> 952000 | S90: 1 día adicional | T90: 1929950 | U90: =T90*1.19 -> 2296640.5 | V90: 1 día adicional | W90: 5833000 | X90: =W90*1.19 -> 6941270 | Y90: 1 día adicional | Z90: 3239170 | AA90: =Z90+(Z90*19%) -> 3854612.3 | AB90: 1 día adicional | AC90: 2650000 | AD90: =AC90*19%+AC90 -> 3153500 | AE90: 1 día adicional | AF90: 3682279 | AG90: =+AF90*1.19 -> 4381912 | AH90: 1 día adicional | AI90: 1890000 | AJ90: =+AI90*19%+AI90 -> 2249100 | AK90: 1 día adicional | AL90: 2278500 | AM90: =+AL90+(AL90*19%) -> 2711415 | AN90: 1 día adicional | AO90: 2998078 | AP90: 3567713 | AQ90: 1 día adicional | AR90: =MEDIAN(E90,H90,K90,N90,Q90,T90,W90,Z90,AC90,AF90,AI90,AL90,AO90) -> 2810900 | AS90: =MEDIAN(F90,I90,L90,O90,R90,U90,X90,AA90,AD90,AG90,AJ90,AM90,AP90) -> 3344971
B91: 1 Video grabación | C91: En formato DVD 8 horas, técnico de cámara | D91: 1 día | E91: 2043300 | F91: 2431527 | G91: 1 día | H91: 910000 | I91: =(H91*19%)+H91 -> 1082900 | J91: 1 día | K91: 1800000 | L91: 2142000 | M91: 1 día | N91: 1560000 | O91: =N91+(N91*19%) -> 1856400 | P91: 1 día | Q91: 500000 | R91: =Q91*19%+Q91 -> 595000 | S91: 1 día | T91: 2456300 | U91: =T91*1.19 -> 2922997 | V91: 1 día | W91: 2500000 | X91: =W91*1.19 -> 2975000 | Y91: 1 día | Z91: 2354660 | AA91: =Z91+(Z91*19%) -> 2802045.4 | AB91: 1 día | AC91: 4500000 | AD91: =AC91*19%+AC91 -> 5355000 | AE91: 1 día | AF91: 2656290 | AG91: =+AF91*1.19 -> 3160985.1 | AH91: 1 día | AI91: 1470000 | AJ91: =+AI91*19%+AI91 -> 1749300 | AK91: 1 día | AL91: 518000 | AM91: =+AL91+(AL91*19%) -> 616420 | AN91: 1 día | AO91: 1714315 | AP91: 2040035 | AQ91: 1 día | AR91: =MEDIAN(E91,H91,K91,N91,Q91,T91,W91,Z91,AC91,AF91,AI91,AL91,AO91) -> 1800000 | AS91: =MEDIAN(F91,I91,L91,O91,R91,U91,X91,AA91,AD91,AG91,AJ91,AM91,AP91) -> 2142000
D92: 1 día adicional | E92: 1892100 | F92: 2251599 | G92: 1 día adicional | H92: 770000 | I92: =(H92*19%)+H92 -> 916300 | J92: 1 día adicional | K92: 1260000 | L92: 1499400 | M92: 1 día adicional | N92: 1300000 | O92: =N92+(N92*19%) -> 1547000 | P92: 1 día adicional | Q92: 400000 | R92: =Q92*19%+Q92 -> 476000 | S92: 1 día adicional | T92: 1579050 | U92: =T92*1.19 -> 1879069.5 | V92: 1 día adicional | W92: 2500000 | X92: =W92*1.19 -> 2975000 | Y92: 1 día adicional | Z92: 2180420 | AA92: =Z92+(Z92*19%) -> 2594699.8 | AB92: 1 día adicional | AC92: 3750000 | AD92: =AC92*19%+AC92 -> 4462500 | AE92: 1 día adicional | AF92: 2270520 | AG92: =+AF92*1.19 -> 2701918.8 | AH92: 1 día adicional | AI92: 1470000 | AJ92: =+AI92*19%+AI92 -> 1749300 | AK92: 1 día adicional | AL92: 388500 | AM92: =+AL92+(AL92*19%) -> 462315 | AN92: 1 día adicional | AO92: 1552828 | AP92: 1847866 | AQ92: 1 día adicional | AR92: =MEDIAN(E92,H92,K92,N92,Q92,T92,W92,Z92,AC92,AF92,AI92,AL92,AO92) -> 1552828 | AS92: =MEDIAN(F92,I92,L92,O92,R92,U92,X92,AA92,AD92,AG92,AJ92,AM92,AP92) -> 1847866
B93: 1 Switcher VGA por 5 entradas | D93: 1 día | E93: 312900 | F93: 372351 | G93: 1 día | H93: 202000 | I93: =(H93*19%)+H93 -> 240380 | J93: 1 día | K93: 180000 | L93: 214200 | M93: 1 día | N93: 364000 | O93: =N93+(N93*19%) -> 433160 | P93: 1 día | Q93: 150000 | R93: =Q93*19%+Q93 -> 178500 | S93: 1 día | T93: 701800 | U93: =T93*1.19 -> 835142 | V93: 1 día | W93: 833000 | X93: =W93*1.19 -> 991270 | Y93: 1 día | Z93: 360580 | AA93: =Z93+(Z93*19%) -> 429090.2 | AB93: 1 día | AC93: 490000 | AD93: =AC93*19%+AC93 -> 583100 | AE93: 1 día | AF93: 344190 | AG93: =+AF93*1.19 -> 409586.1 | AH93: 1 día | AI93: 330000 | AJ93: =+AI93*19%+AI93 -> 392700 | AK93: 1 día | AL93: 0 | AM93: =+AL93+(AL93*19%) -> 0 | AN93: 1 día | AO93: 743633 | AP93: 884923 | AQ93: 1 día | AR93: =MEDIAN(E93,H93,K93,N93,Q93,T93,W93,Z93,AC93,AF93,AI93,AL93,AO93) -> 344190 | AS93: =MEDIAN(F93,I93,L93,O93,R93,U93,X93,AA93,AD93,AG93,AJ93,AM93,AP93) -> 409586.1
D94: 1 día adicional | E94: 237300 | F94: 282387 | G94: 1 día adicional | H94: 146000 | I94: =(H94*19%)+H94 -> 173740 | J94: 1 día adicional | K94: 120000 | L94: 142800 | M94: 1 día adicional | N94: 260000 | O94: =N94+(N94*19%) -> 309400 | P94: 1 día adicional | Q94: 120000 | R94: =Q94*19%+Q94 -> 142800 | S94: 1 día adicional | T94: 438625 | U94: =T94*1.19 -> 521963.75 | V94: 1 día adicional | W94: 833000 | X94: =W94*1.19 -> 991270 | Y94: 1 día adicional | Z94: 273460 | AA94: =Z94+(Z94*19%) -> 325417.4 | AB94: 1 día adicional | AC94: 430000 | AD94: =AC94*19%+AC94 -> 511700 | AE94: 1 día adicional | AF94: 261030 | AG94: =+AF94*1.19 -> 310625.7 | AH94: 1 día adicional | AI94: 240000 | AJ94: =+AI94*19%+AI94 -> 285600 | AK94: 1 día adicional | AL94: 0 | AM94: =+AL94+(AL94*19%) -> 0 | AN94: 1 día adicional | AO94: 627731 | AP94: 747000 | AQ94: 1 día adicional | AR94: =MEDIAN(E94,H94,K94,N94,Q94,T94,W94,Z94,AC94,AF94,AI94,AL94,AO94) -> 260000 | AS94: =MEDIAN(F94,I94,L94,O94,R94,U94,X94,AA94,AD94,AG94,AJ94,AM94,AP94) -> 309400
B95: 1 Switcher HDMI por 5 entradas | D95: 1 día | E95: 269900 | F95: 321181 | G95: 1 día | H95: 280000 | I95: =(H95*19%)+H95 -> 333200 | J95: 1 día | K95: 170000 | L95: 202300 | M95: 1 día | N95: 468000 | O95: =N95+(N95*19%) -> 556920 | P95: 1 día | Q95: 300000 | R95: =Q95*19%+Q95 -> 357000 | S95: 1 día | T95: 701800 | U95: =T95*1.19 -> 835142 | V95: 1 día | W95: 750000 | X95: =W95*1.19 -> 892500 | Y95: 1 día | Z95: 310970 | AA95: =Z95+(Z95*19%) -> 370054.3 | AB95: 1 día | AC95: 490000 | AD95: =AC95*19%+AC95 -> 583100 | AE95: 1 día | AF95: 296890 | AG95: =+AF95*1.19 -> 353299.1 | AH95: 1 día | AI95: 420000 | AJ95: =+AI95*19%+AI95 -> 499800 | AK95: 1 día | AL95: 1960000 | AM95: =+AL95+(AL95*19%) -> 2332400 | AN95: 1 día | AO95: 962468 | AP95: 1145337 | AQ95: 1 día | AR95: =MEDIAN(E95,H95,K95,N95,Q95,T95,W95,Z95,AC95,AF95,AI95,AL95,AO95) -> 420000 | AS95: =MEDIAN(F95,I95,L95,O95,R95,U95,X95,AA95,AD95,AG95,AJ95,AM95,AP95) -> 499800
D96: 1 día adicional | E96: 215300 | F96: 256207 | G96: 1 día adicional | H96: 220000 | I96: =(H96*19%)+H96 -> 261800 | J96: 1 día adicional | K96: 110000 | L96: 130900 | M96: 1 día adicional | N96: 416000 | O96: =N96+(N96*19%) -> 495040 | P96: 1 día adicional | Q96: 200000 | R96: =Q96*19%+Q96 -> 238000 | S96: 1 día adicional | T96: 438625 | U96: =T96*1.19 -> 521963.75 | V96: 1 día adicional | W96: 750000 | X96: =W96*1.19 -> 892500 | Y96: 1 día adicional | Z96: 248050 | AA96: =Z96+(Z96*19%) -> 295179.5 | AB96: 1 día adicional | AC96: 430000 | AD96: =AC96*19%+AC96 -> 511700 | AE96: 1 día adicional | AF96: 236830 | AG96: =+AF96*1.19 -> 281827.7 | AH96: 1 día adicional | AI96: 330000 | AJ96: =+AI96*19%+AI96 -> 392700 | AK96: 1 día adicional | AL96: 1470000 | AM96: =+AL96+(AL96*19%) -> 1749300 | AN96: 1 día adicional | AO96: 849262 | AP96: 1010622 | AQ96: 1 día adicional | AR96: =MEDIAN(E96,H96,K96,N96,Q96,T96,W96,Z96,AC96,AF96,AI96,AL96,AO96) -> 330000 | AS96: =MEDIAN(F96,I96,L96,O96,R96,U96,X96,AA96,AD96,AG96,AJ96,AM96,AP96) -> 392700
A97: STREAMING | B97: 1 servicio de transmisión streaming | C97: Plataforma privada y personalizada para transmisión de streaming -Código embebido -Conectividad hasta1000usuarios -EncoderDigitalSDI -grabación -Estadísticas de conexión en tiempo real. - Técnico de sonido para streaming | D97: 1 día | E97: 4972800 | F97: 5917632 | G97: 1 día | H97: 4800000 | I97: =(H97*19%)+H97 -> 5712000 | J97: 1 día | K97: 7600000 | L97: 9044000 | M97: 1 día | N97: 2990000 | O97: =N97+(N97*19%) -> 3558100 | P97: 1 día | Q97: 2000000 | R97: =Q97*19%+Q97 -> 2380000 | S97: 1 día | T97: 7865000 | U97: =T97*1.19 -> 9359350 | V97: 1 día | W97: 6667000 | X97: =W97*1.19 -> 7933730 | Y97: 1 día | Z97: 5730560 | AA97: =Z97+(Z97*19%) -> 6819366.4 | AB97: 1 día | AC97: 7500000 | AD97: =AC97*19%+AC97 -> 8925000 | AE97: 1 día | AF97: 6961920 | AG97: =+AF97*1.19 -> 8284684.8 | AH97: 1 día | AI97: 6345000 | AJ97: =+AI97*19%+AI97 -> 7550550 | AK97: 1 día | AL97: 7602000 | AM97: =+AL97+(AL97*19%) -> 9046380 | AN97: 1 día | AO97: 6400000 | AP97: 7616000 | AQ97: 1 día | AR97: =MEDIAN(E97,H97,K97,N97,Q97,T97,W97,Z97,AC97,AF97,AI97,AL97,AO97) -> 6400000 | AS97: =MEDIAN(F97,I97,L97,O97,R97,U97,X97,AA97,AD97,AG97,AJ97,AM97,AP97) -> 7616000
B98: Internet 25 MG para pantalla modem de navegación | D98: 1 día | E98: 2324700 | F98: 2766393 | G98: 1 día | H98: 980000 | I98: =(H98*19%)+H98 -> 1166200 | J98: 1 día | K98: 650000 | L98: 773500 | M98: 1 día | N98: 2080000 | O98: =N98+(N98*19%) -> 2475200 | P98: 1 día | Q98: 300000 | R98: =Q98*19%+Q98 -> 357000 | S98: 1 día | T98: 385000 | U98: =T98*1.19 -> 458150 | V98: 1 día | W98: 2500000 | X98: =W98*1.19 -> 2975000 | Y98: 1 día | Z98: 2678940 | AA98: =Z98+(Z98*19%) -> 3187938.6 | AB98: 1 día | AC98: 2142000 | AD98: =AC98*19%+AC98 -> 2548980 | AE98: 1 día | AF98: 2324700 | AG98: =+AF98*1.19 -> 2766393 | AH98: 1 día | AI98: 1305000 | AJ98: =+AI98*19%+AI98 -> 1552950 | AK98: 1 día | AL98: 196000 | AM98: =+AL98+(AL98*19%) -> 233240 | AN98: 1 día | AO98: 1200000 | AP98: 1428000 | AQ98: 1 día | AR98: =MEDIAN(E98,H98,K98,N98,Q98,T98,W98,Z98,AC98,AF98,AI98,AL98,AO98) -> 1305000 | AS98: =MEDIAN(F98,I98,L98,O98,R98,U98,X98,AA98,AD98,AG98,AJ98,AM98,AP98) -> 1552950
B99: 1 Canal dedicado de internet | C99: 20 Megas de canal dedicado -Servidor de internet con - 3 Operadores -1Switch Tp de 8puertos Ethernet -1Ingeniero de sistemas -Soporte técnico durante toda la transmisión. (Transmisión LIVEU) - Técnico de sonido para streaming | D99: 1 día | E99: 3514400 | F99: 4182136 | G99: 1 día | H99: 3250000 | I99: =(H99*19%)+H99 -> 3867500 | J99: 1 día | K99: 4200000 | L99: 4998000 | M99: 1 día | N99: 2990000 | O99: =N99+(N99*19%) -> 3558100 | P99: 1 día | Q99: 2000000 | R99: =Q99*19%+Q99 -> 2380000 | S99: 1 día | T99: 3569500 | U99: =T99*1.19 -> 4247705 | V99: 1 día | W99: 8333000 | X99: =W99*1.19 -> 9916270 | Y99: 1 día | Z99: 4049870 | AA99: =Z99+(Z99*19%) -> 4819345.3 | AB99: 1 día | AC99: 3332000 | AD99: =AC99*19%+AC99 -> 3965080 | AE99: 1 día | AF99: 4041560 | AG99: =+AF99*1.19 -> 4809456.4 | AH99: 1 día | AI99: 4335000 | AJ99: =+AI99*19%+AI99 -> 5158650 | AK99: 1 día | AL99: 5978000 | AM99: =+AL99+(AL99*19%) -> 7113820 | AN99: 1 día | AO99: 1800000 | AP99: 2142000 | AQ99: 1 día | AR99: =MEDIAN(E99,H99,K99,N99,Q99,T99,W99,Z99,AC99,AF99,AI99,AL99,AO99) -> 3569500 | AS99: =MEDIAN(F99,I99,L99,O99,R99,U99,X99,AA99,AD99,AG99,AJ99,AM99,AP99) -> 4247705
A100: ELECTRICO | B100: 1 Planta eléctrica de 10 kva insonora. | C100: Dotada de cable extensión encauchetada y combustible y personal necesario para su operación | E100: 1389200 | F100: 1653148 | G100: 1 - 6 horas | H100: 510000 | I100: =(H100*19%)+H100 -> 606900 | K100: 650000 | L100: 773500 | N100: 455000 | O100: =N100+(N100*19%) -> 541450 | Q100: 2500000 | R100: =Q100*19%+Q100 -> 2975000 | T100: 653400 | U100: =T100*1.19 -> 777546 | W100: 2000000 | X100: =W100*1.19 -> 2380000 | Z100: 1600830 | AA100: =Z100+(Z100*19%) -> 1904987.7 | AC100: 1100000 | AD100: =AC100*19%+AC100 -> 1309000 | AF100: 1444768 | AG100: =+AF100*1.19 -> 1719273.9 | AI100: 675000 | AJ100: =+AI100*19%+AI100 -> 803250 | AL100: 1556940 | AM100: =+AL100+(AL100*19%) -> 1852758.6 | AO100: 691011 | AP100: 822303 | AR100: =MEDIAN(E100,H100,K100,N100,Q100,T100,W100,Z100,AC100,AF100,AI100,AL100,AO100) -> 1100000 | AS100: =MEDIAN(F100,I100,L100,O100,R100,U100,X100,AA100,AD100,AG100,AJ100,AM100,AP100) -> 1309000
D101: 7 - 12 horas | E101: 1718900 | F101: 2045491 | G101: 7 - 12 horas | H101: 650000 | I101: =(H101*19%)+H101 -> 773500 | J101: 7 - 12 horas | K101: 380000 | L101: 452200 | M101: 7 - 12 horas | N101: 546000 | O101: =N101+(N101*19%) -> 649740 | P101: 7 - 12 horas | Q101: 2500000 | R101: =Q101*19%+Q101 -> 2975000 | S101: 7 - 12 horas | T101: 798600 | U101: =T101*1.19 -> 950334 | V101: 7 - 12 horas | W101: 2000000 | X101: =W101*1.19 -> 2380000 | Y101: 7 - 12 horas | Z101: 1980770 | AA101: =Z101+(Z101*19%) -> 2357116.3 | AB101: 7 - 12 horas | AC101: 1350000 | AD101: =AC101*19%+AC101 -> 1606500 | AE101: 7 - 12 horas | AF101: 1787656 | AG101: =+AF101*1.19 -> 2127310.6 | AH101: 7 - 12 horas | AI101: 870000 | AJ101: =+AI101*19%+AI101 -> 1035300 | AK101: 7 - 12 horas | AL101: 1946175 | AM101: =+AL101+(AL101*19%) -> 2315948.2 | AN101: 7 - 12 horas | AO101: 988759 | AP101: 1176623 | AQ101: 7 - 12 horas | AR101: =MEDIAN(E101,H101,K101,N101,Q101,T101,W101,Z101,AC101,AF101,AI101,AL101,AO101) -> 1350000 | AS101: =MEDIAN(F101,I101,L101,O101,R101,U101,X101,AA101,AD101,AG101,AJ101,AM101,AP101) -> 1606500
...

Sheet % Intermediación
A1: EMPRESA DE TRANSPORTE DEL TERCER MILENIO - TRANSMILENIO S.A. COTIZACIÓN % DE INTERMEDIACIÓN
A2: Instrucciones para el diligenciamiento del formato Propuesta económica
A3: • Revisar todos los requerimientos que se exponen en el documento "Proyecto estudios previos", garantizando que los servicios ofrecidos cumplan con las necesidades de TRANSMILENIO S.A. • El oferente deberá anotar máximo dos decimales.
B4: % INTERMEDIACIÓN OFERTADO
A5: VALOR HISTÓRICO | B5: 0.04
A6: CANAL CAPITAL | B6: 0.08
A7: DU BRANS SAS | B7: 0.143
A8: ERCA | B8: 0.08
A9: INNOVATECHVR | B9: 0.1
A10: LOGÍSTICA 911 | B10: 0.19
A11: MERCADEO ESTRATÉGICO | B11: 0.23
A12: Miacom S.A.S. | B12: 0.08
A13: PUBBLICA | B13: 0.08
A14: SINTONIZAR MEDIOS | B14: 0.07
A15: TAKTIKOS | B15: 0.14
A16: ACOMEDIOS | B16: 0.03
A17: PIRME PRODUCCIONES | B17: 0.14
A18: PROMEDIO | B18: =AVERAGE(B5:E17) -> 0.10792308
A19: PROMEDIO PRIVADOS | B19: =AVERAGE(B7:E17) -> 0.11663636
A20: PROMEDIO PÚBLICOS | B20: =AVERAGE(B5,B6) -> 0.06
F204: =SUM(F5:F203) -> 0

Sheet ITEM´S+INTERMEDIACIÓN
A1: COTIZACIONES BTL
A2: COMPONENTE | B2: EMPRESAS PÚBLICAS | D2: EMPRESAS PRIVADAS
B3: VALOR HISTÓRICO | C3: CANAL CAPITAL | D3: DU BRANS SAS | E3: ERCA | F3: INNOVATECHVR | G3: LOGÍSTICA 911 | H3: MERCADEO ESTRATÉGICO | I3: Miacom S.A.S. | J3: PUBBLICA | K3: SINTONIZAR MEDIOS | L3: TAKTIKOS | M3: ACOMEDIOS | N3: PIRME PRODUCCIONES
A4: VALOR ITEMS | B4: =+Cotización!F196 -> 236886279 | C4: 190796508 | D4: 280247381 | E4: 2.5931873e+08 | F4: 239988490 | G4: 2.4104396e+08 | H4: 473304650 | I4: 2.7854931e+08 | J4: 2.7115215e+08 | K4: 2.7502795e+08 | L4: 2.698586e+08 | M4: 3.5474238e+08 | N4: 244574216
A6: % INTERMEDIACIÓN (Antes IVA) | B6: 0.04 | C6: 0.08 | D6: 0.143 | E6: 0.08 | F6: 0.1 | G6: 0.19 | H6: 0.23 | I6: 0.08 | J6: 0.08 | K6: 0.07 | L6: 0.14 | M6: 0.03 | N6: 0.14
A8: VALOR ITEM + INTERMEDIACIÓN | B8: =B4*(1+B6) -> 2.4636173e+08 | C8: =C4*(1+C6) -> 2.0606023e+08 | D8: =D4*(1+D6) -> 3.2032276e+08 | E8: =E4*(1+E6) -> 2.8006423e+08 | F8: =F4*(1+F6) -> 2.6398734e+08 | G8: =G4*(1+G6) -> 2.8684231e+08 | H8: =H4*(1+H6) -> 5.8216472e+08 | I8: =I4*(1+I6) -> 3.0083325e+08 | ... N8: =N4*(1+N6) -> 2.7881461e+08
